 Dungeon Crawl Stone Soup version 0.22-a0-348-gd16d139 (webtiles) character file.

25568243 4thArraOfDagon the Divine Barricade (level 27, 263/263 (269) HPs)
             Began as a Demigod Fire Elementalist on Apr 8, 2018.
             Escaped with the Orb
             ... and 15 runes on Apr 9, 2018!
             The game lasted 08:01:57 (59057 turns).

4thArraOfDagon the Divine Barricade (DgFE)         Turns: 59057, Time: 08:01:57

HP:   263/263 (269) AC: 49    Str: 23    XL:     27
MP:   69/69         EV: 22    Int: 75    God:
Gold: 1399          SH: 23    Dex: 21    Spells: 1/76 levels left

rFire    + . .     SeeInvis +   n - +14 obsidian axe {chop, +Fly SInv *Curse} (curse)
rCold    . . .     Gourm    .   L - +3 shield "Fifyqol" {Str+4 Int+3}
rNeg     + . .     Faith    .   v - +17 plate armour of Indecent Exposure {Slay+6}
rPois    +         Spirit   .   P - +3 hat of Pondering {ponderous, MR+ MP+10 Int+5}
rElec    +         Reflect  .   J - +0 cloak of Spring Thaw {Regen+ Str+3 Int+3}
rCorr    .         Harm     .   C - +2 pair of gloves "Raill" {Int+9}
MR       +++++     Clarity  +   Y - +2 pair of boots {Stlth+}
Stlth    +.........             W - amulet of the Four Winds {rN+ MR+++ Clar}
HPRegen  0.93/turn              r - ring "Egys Vach" {Fire *Corrode rElec Int+7}
MPRegen  0.41/turn              d - ring of the Shrike {rElec rPois rC+ Str+2 Int+6}

@: mighty, brilliant, agile, studying Axes, slow
A: camouflage 1, blink, high mp 1, weak 1, wild magic 1
0: Orb of Zot
}: 15/15 runes: barnacled, slimy, silver, golden, iron, obsidian, icy, bone,
abyssal, demonic, glowing, magical, fiery, dark, gossamer
a: Blink, Evoke Flight


You escaped.
You were full.

You visited 17 branches of the dungeon, and saw 89 of its levels.
You visited Pandemonium 1 time, and saw 18 of its levels.
You visited the Abyss 2 times.
You visited 2 bazaars.
You visited 2 ziggurats (completing 1), and saw 46 of their levels.
You also visited: Sewer, Ossuary and Volcano.

You collected 7400 gold pieces.
You spent 6001 gold pieces at shops.

Inventory:

Hand Weapons
 n - the cursed +14 obsidian axe (weapon) {chop, +Fly SInv *Curse}
   (You found it on level 6 of a ziggurat)

   It inflicts extra damage upon your enemies.
   It lets you see invisible.
   It lets you fly.
   It curses itself when equipped.
   It has a curse placed upon it.
Missiles
 i - 15 throwing nets (quivered)
Armour
 v - the +17 plate armour of Indecent Exposure (worn) {Slay+6}
   (You found it on level 13 of a ziggurat)

   It affects your accuracy and damage with ranged weapons and melee attacks
   (+6).
 y - the +2 robe of the Ninety-Nine Allies {MP+9 Int+4}
   (You found it on level 12 of a ziggurat)

   It affects your intelligence (+4).
   It affects your magic capacity (+9).
 C - the +2 pair of gloves "Raill" (worn) {Int+9}
   (You bought it in a shop in a bazaar)

   It affects your intelligence (+9).
 J - the +0 cloak of Spring Thaw (worn) {Regen+ Str+3 Int+3}
   (You found it on level 4 of a ziggurat)

   It affects your strength (+3).
   It affects your intelligence (+3).
   It increases your rate of regeneration.
 L - the +3 shield "Fifyqol" (worn) {Str+4 Int+3}
   (You acquired it on level 1 of the Lair of Beasts)

   It affects your strength (+4).
   It affects your intelligence (+3).
 M - the +2 robe of Vines {NoPotionHeal Regen+7}
   (You took it off a yaktaur captain on level 1 of the Depths)

   It increases your rate of regeneration.
 N - the +2 shield of Resistance {rF+ rC+ MR+}
   (You found it on level 26 of a ziggurat)

   It protects you from fire.
   It protects you from cold.
   It affects your resistance to hostile enchantments.
 P - the +3 hat of Pondering (worn) {ponderous, MR+ MP+10 Int+5}
   (You found it on level 5 of a ziggurat)

   It affects your intelligence (+5).
   It affects your resistance to hostile enchantments.
   It affects your magic capacity (+10).
 Y - a +2 pair of boots of stealth (worn)
Magical Staves
 x - an uncursed staff of energy {!a}
 T - an uncursed staff of power {!a}
Jewellery
 d - the ring of the Shrike (right hand) {rElec rPois rC+ Str+2 Int+6}
   (You found it on level 22 of a ziggurat)

   [ring of strength]

   It affects your strength (+2).
   It affects your intelligence (+6).
   It protects you from cold.
   It insulates you from electricity.
   It protects you from poison.
 r - the ring "Egys Vach" (left hand) {Fire *Corrode rElec Int+7}
   (You found it in Pandemonium)

   [ring of fire]

   It enhances your fire magic.
   It affects your intelligence (+7).
   It protects you from fire.
   It makes you vulnerable to cold.
   It insulates you from electricity.
   It may corrode you when you take damage.
 B - the ring of Lesoq {Wiz Int+4}
   (You acquired it on level 1 of the Tomb of the Ancients)

   [ring of wizardry]

   It improves your spell success rate.
   It affects your intelligence (+4).
 V - an uncursed ring of resist corrosion
 W - the amulet of the Four Winds (around neck) {rN+ MR+++ Clar}
   (You found it on level 12 of the Dungeon)

   [amulet of nothing]

   It protects you from negative energy.
   It affects your resistance to hostile enchantments.
   It protects you against confusion.
Wands
 j - a wand of iceblast (22)
 l - a wand of digging (17)
 o - a wand of clouds (1)
 F - a wand of acid (20)
Scrolls
 a - 2 scrolls of summoning
 e - 33 scrolls of remove curse
 f - 15 scrolls of fog
 g - 8 scrolls of amnesia
 k - 32 scrolls of teleportation
 p - 2 scrolls of torment
 q - 2 scrolls of identify
 s - 7 scrolls of fear
 A - 7 scrolls of immolation
 E - 10 scrolls of blinking
 H - 6 scrolls of magic mapping
 K - 11 scrolls of holy word
Potions
 b - a potion of invisibility
 h - 22 potions of flight
 m - 13 potions of heal wounds
 t - 2 potions of magic
 u - 19 potions of curing
 z - 5 potions of resistance
 D - 4 potions of agility
 G - 2 potions of cancellation
 I - 18 potions of mutation
 O - 4 potions of ambrosia
 Q - 4 potions of brilliance
 U - 8 potions of might
 Z - 12 potions of haste
Books
 R - a manual of Axes
Miscellaneous
 w - 10 boxes of beasts
 S - a lightning rod (4/4)
 X - a +1 figurine of a ziggurat
Comestibles
 c - 51 rations


   Skills:
 - Level 26.0 Fighting
   Level 12.6 Long Blades
 - Level 16.0 Axes
 * Level 21.2 Armour
 - Level 13.0 Dodging
 - Level 10.0 Stealth
 O Level 27 Shields
 - Level 25.0 Spellcasting
 - Level 21.3 Conjurations
 - Level 9.1 Charms
 - Level 11.1 Necromancy
 - Level 15.4 Translocations
 - Level 10.5 Transmutations
 - Level 19.3 Fire Magic
 - Level 12.9 Ice Magic
 - Level 7.8 Earth Magic
 - Level 15.0 Evocations


You had one spell level left.
You knew the following spells:

 Your Spells              Type           Power        Failure   Level  Hunger
a - Orb of Destruction    Conj           #########.   1%          7    None
b - Fire Storm            Conj/Fire      ##########   1%          9    None
c - Glaciate              Conj/Ice       #########.   2%          9    None
d - Ignition              Fire           ##########   1%          8    None
e - Bolt of Fire          Conj/Fire      ##########   1%          6    None
f - Necromutation         Tmut/Necr      #########.   2%          8    None
g - Death's Door          Chrm/Necr      #########.   3%          8    None
i - Regeneration          Chrm/Necr      #########.   1%          3    None
j - Apportation           Tloc           ######       1%          1    None
k - Statue Form           Tmut/Erth      #########    1%          6    None
l - Sublimation of Blood  Necr           #########.   1%          2    None
m - Controlled Blink      Tloc           N/A          1%          8    None


Dungeon Overview and Level Annotations

Branches:
Dungeon (15/15)            Temple (0/1) D:7            Lair (6/6) D:8
 Shoals (4/4) Lair:3       Spider (4/4) Lair:2        Slime (5/5) Lair:6
    Orc (2/2) D:10            Elf (3/3) Orc:2        Vaults (5/5) D:14
  Crypt (3/3) Vaults:2       Tomb (3/3) Crypt:3      Depths (5/5) D:15
   Hell (1/1)                 Dis (7/7) Hell            Geh (7/7) Hell
    Coc (7/7) Hell            Tar (7/7) Hell            Zot (5/5) Depths:5

Shops:
D:5 (   D:14 *   Orc:1 :**[*   Orc:2 }**:%:   Elf:3 }   Shoals:1 !   Shoals:4 (
Vaults:2 ?   Vaults:4 *   Vaults:5 }   Depths:1 }*

Portals:
Hell: Depths:1 Depths:2 Depths:3
Abyss: Depths:2 Depths:4 Depths:5
Pandemonium: Depths:3

Annotations:
Slime:2 exclusion: upstairs
Slime:4 exclusion: upstairs
Elf:2 3 runed doors
Vaults:2 CRYPS


Innate Abilities, Weirdness & Mutations

You have an increased reservoir of magic. (+10% MP)
Your skin changes colour to match your surroundings (Stealth+).
You can translocate small distances at will.
You are weak. (Str -2)
Your spells are a little harder to cast, but a little more powerful.


Message History

The hellephant is heavily wounded.
The hellephant breathes flames at you. The blast of flame misses you.
You slice the hellephant!!
The hellephant is severely wounded.
You block the hellephant's attack. x2; The hellephant barely misses you.
You slice the hellephant!!
The hellephant is almost dead.
You block the hellephant's attack. x3
You open the hellephant like a pillowcase!!!
You break out of your daze!
You kill the hellephant!
No target in view!
No target in view!
You see here a hellephant corpse.
Unknown command.
There is an open door here.
There is a staircase leading out of the dungeon here.
HP restored.
You have escaped!

###########
#s(#..P#.P#
#..+...'.@#
#...#..#
####...####
#P.#...#..#
#..'...'..#
#..#...#.P#
####.†.####
#..#...#..#
#(.'...'..#


There were no monsters in sight!

Vanquished Creatures
  Cerebov (Pan)
  Antaeus (Coc:7)
  Asmodeus (Geh:7)
  Dissolution (Slime:3)
  the Royal Jelly (Slime:5)
  Ereshkigal (Tar:7)
  Gloorx Vloq (Pan)
  The ghost of Thaneod the Archmage, a legendary DEFE of Makhleb (Zig:26)
  Mnoleg (Pan)
  the Serpent of Hell (Coc:7)
  Lom Lobon (Pan)
  Dispater (Dis:7)
  6 orbs of fire
  Mara (Vaults:4)
  18 ancient liches
  7 juggernauts
  6 pandemonium lords
  30 greater mummies
  4 shard shrikes
  Bai Suzhen (Depths:1)
  Sojobo (Vaults:3)
  Frederick (Vaults:4)
  Saint Roka (Vaults:2)
  6 Killer Klowns
  4 caustic shrikes (Zig:19)
  4 curse toes
  9 golden dragons
  Geryon (Hell)
  2 profane servitors
  Nikola (Depths:1)
  A pearl dragon (Zig:3)
  6 bone dragons
  Jorgrun (Depths:2)
  3 doom hounds
  Arachne (Spider:4)
  15 iron giants
  6 Tzitzimimeh
  A shard shrike zombie (Crypt:3)
  3 electric golems
  17 tentacled monstrosities
  17 Brimstone Fiends
  2 hellephants
  18 Ice Fiends
  11 Hell Sentinels
  22 Orb Guardians
  11 deep elf blademasters
  19 Executioners
  8 quicksilver dragons
  13 liches
  10 deep elf master archers
  23 titans
  Polyphemus (Shoals:3)
  2 death cobs
  16 sphinxes
  23 acid blobs
  2 thorn hunters (Zig:25)
  Kirke (Lair:4)
  Frances (Spider:3)
  34 ancient champions
  10 tentacled starspawn
  Agnes (D:15)
  10 storm dragons
  18 shadow dragons
  11 draconian monks
  8 azure jellies
  16 nagarajas
  7 iron dragons
  9 tengu reavers
  7 draconian knights
  15 fire giants
  5 deep elf sorcerers
  27 revenants
  Ilsuiw (Shoals:4)
  26 cacodemons
  32 ghost moths
  29 balrugs
  Louise (Elf:3)
  20 vault wardens
  21 frost giants
  9 emperor scorpions
  3 draconian scorchers
  7 orc warlords
  7 juggernaut zombies
  6 draconian shifters
  9 draconian annihilators
  5 spriggan defenders
  3 ghouls
  4 caustic shrike zombies
  6 draconian stormcallers
  5 deep elf elementalists
  3 angels
  5 warmongers
  67 reapers
  3 blood saints (Pan)
  3 caustic shrike skeletons
  5 elemental wellsprings
  15 curse skulls
  21 entropy weavers
  29 very ugly things
  10 ironheart preservers
  39 stone giants
  17 war gargoyles
  An apis (Zig:3)
  10 corrupters
  16 green draconians
  A juggernaut skeleton (Zig:14)
  8 black draconians
  38 vampire knights
  10 bennus
  6 black suns
  16 deep elf demonologists
  12 purple draconians
  7 yellow draconians
  14 deep elf annihilators
  8 red draconians
  6 lorocyprocas
  17 deep elf death magi
  A minotaur (shapeshifter) (Zig:25)
  15 eidola
  13 white draconians
  19 ettins
  25 blizzard demons
  A minotaur (Shoals:1)
  A spark wasp (shapeshifter) (Vaults:5)
  23 merfolk javelineers
  12 death oozes
  22 spark wasps
  2 crystal guardians (Zig:19)
  8 fire dragons
  Josephine (Lair:6)
  12 green deaths
  24 mummy priests
  3 quicksilver dragon zombies
  19 yaktaur captains
  17 merfolk impalers
  8 jiangshi
  12 deep elf high priests
  A kraken zombie (Coc:7)
  13 great orbs of eyes
  16 hydras
  A quicksilver dragon skeleton (Zig:15)
  4 monstrous demonspawn (Pan)
  A hydra (shapeshifter) (Zig:8)
  19 ice dragons
  8 rakshasas
  5 catoblepae
  5 hell beasts
  4 spriggan air magi
  26 vault guards (Vaults:4)
  A catoblepas (shapeshifter) (Zig:24)
  13 merfolk aquamancers
  53 two-headed ogres
  6 merfolk avatars
  5 naga warriors
  4 anacondas
  9 death knights
  17 ogre magi
  An alligator (Zig:11)
  2 anacondas (shapeshifter)
  9 alligator snapping turtles
  14 death yaks
  9 centaur warriors
  33 dancing weapons
  69 death scarabs
  9 deep troll shamans
  5 satyrs
  8 thrashing horrors
  6 tengu warriors
  7 deep troll earth magi
  8 hell hogs
  30 vampire magi
  3 iron golems
  A shock serpent (shapeshifter) (Zig:24)
  11 orc high priests
  4 storm dragon zombies
  8 iron trolls
  23 deep elf knights
  6 titan zombies
  4 naga sharpshooters
  7 shock serpents
  20 soul eaters
  45 sun demons
  A titan skeleton (Zig:21)
  30 shadow wraiths
  A fire crab (shapeshifter) (Depths:1)
  10 wretched stars
  16 sixfirhies
  120 skeletal warriors
  2 unseen horrors (shapeshifter)
  2 ghost moth zombies
  2 quicksilver dragon simulacra
  5 storm dragon skeletons
  A spatial maelstrom (Abyss:4)
  A salamander mystic (Depths:4)
  27 deep trolls
  3 golden dragon zombies
  2 unseen horrors
  The ghost of Nib the Covert, a novice OpAs (D:8)
  2 glowing orange brains (shapeshifter)
  36 hell knights
  15 sea snakes
  19 shadow demons
  7 glowing orange brains
  15 flayed ghosts
  An orange crystal statue (Elf:2)
  9 anaconda zombies
  2 spark wasp zombies
  2 swamp dragons
  24 deep elf archers
  6 gelid demonspawn
  2 kraken simulacra
  3 shambling mangroves
  2 torturous demonspawn
  An obsidian statue (Zot:5)
  9 wizards
  2 naga ritualists
  6 infernal demonspawn
  6 tengu zombies
  5 shadow dragon zombies
  21 orc knights
  18 phantasmal warriors
  15 ironbrand convokers
  A lindwurm (shapeshifter) (Zig:24)
  5 iron dragon zombies
  50 harpies
  23 necromancers
  3 mana vipers
  2 wolf spider zombies
  25 large abominations
  45 orb spiders
  38 wolf spiders
  A mana viper (shapeshifter) (Vaults:5)
  4 anaconda skeletons
  4 shadow dragon skeletons
  4 shining eyes
  8 golden dragon skeletons
  72 deep elf magi
  2 sphinx zombies
  30 fauns
  6 stone giant zombies
  18 cyclopes
  3 sphinx skeletons
  4 oklob plants (Zig:14)
  6 orc sorcerers
  A frost giant zombie (Zig:7)
  3 fire giant zombies
  3 moths of wrath (shapeshifter) (Zig:24)
  4 human skeletons
  2 dire elephant zombies
  24 manticores
  A worldbinder (Abyss:4)
  4 iron dragon skeletons
  23 moths of wrath
  13 elephants
  3 tengu skeletons
  4 frost giant skeletons
  6 salamanders
  54 ugly things
  6 fire giant skeletons
  23 black mambas
  11 merfolk sirens
  26 orange demons
  39 rust devils
  A water nymph (shapeshifter) (Depths:3)
  16 water nymphs
  A stone giant skeleton (Tar:7)
  4 titan simulacra (Coc:7)
  13 spiny frogs
  4 molten gargoyles
  2 guardian serpents (shapeshifter)
  3 centaur skeletons
  9 naga magi
  17 vault sentinels
  6 guardian serpents
  6 gargoyles
  An eye of devastation (shapeshifter) (Elf:1)
  An apocalypse crab (Zig:3)
  An ice statue (Zig:4)
  Joseph (D:7)
  5 eyes of devastation
  A catoblepas zombie (Dis:7)
  2 shock serpent zombies
  23 smoke demons
  12 torpor snails
  43 freezing wraiths
  6 storm dragon simulacra
  An alligator snapping turtle zombie (Crypt:3)
  26 hellions
  2 rime drakes
  A kobold demonologist (D:12)
  8 human zombies
  80 yaktaurs
  52 ice devils
  32 red devils
  5 efreet
  A pale draconian skeleton (Crypt:3)
  2 golden dragon simulacra
  16 hellwings (Pan)
  12 komodo dragons
  44 guardian mummies
  7 anaconda simulacra
  33 demonic crawlers
  34 tormentors
  2 ancient zymes
  4 harpy zombies
  3 tengu conjurers
  3 hydra zombies
  16 trolls
  85 merfolk
  A shadow dragon simulacrum (Crypt:3)
  A polar bear (Lair:4)
  3 meliai
  41 jumping spiders
  A troll (shapeshifter) (Zig:24)
  2 fire dragon zombies
  A harpy skeleton (Coc:6)
  A silent spectre (Abyss:3)
  A tyrant leech (Zig:11)
  6 hydra skeletons
  19 snapping turtles
  A wind drake (shapeshifter) (Vaults:2)
  14 wind drakes
  A hornet (shapeshifter) (Vaults:4)
  9 bog bodies
  22 hornets
  135 slime creatures
  5 raiju
  3 dream sheep (Shoals:4)
  5 blink frogs
  A meliai zombie (Crypt:3)
  2 alligator zombies
  5 ettin zombies
  10 hippogriffs
  A fire giant simulacrum (Crypt:1)
  5 spriggan zombies
  14 shadows
  99 redbacks
  79 flying skulls
  4 air elementals
  33 tarantellas
  19 starcursed masses
  2 black mamba zombies
  62 yaks
  3 wyverns
  5 alligator skeletons
  3 vampires
  17 ynoxinuls
  2 fire dragon skeletons
  5 ettin skeletons
  38 water elementals
  35 wraiths
  2 black mamba skeletons
  7 spriggans
  16 ushabtiu
  Eustachio (D:5)
  4 basilisks
  4 ice dragon skeletons
  A basilisk (shapeshifter) (Vaults:2)
  14 small abominations
  9 golden eyes (Slime:5)
  4 fire bats (Geh:3)
  6 hungry ghosts
  21 fire elementals
  3 hogs (Lair:4)
  An emperor scorpion simulacrum (Coc:7)
  6 elf skeletons
  A yaktaur simulacrum (Zig:2)
  20 chaos spawn
  9 vampire mosquitoes
  20 neqoxecs
  12 wargs
  A merfolk zombie (Tomb:3)
  4 nagas
  4 acid dragons
  A spatial vortex (Dis:5)
  Edmund (D:6)
  2 merfolk skeletons
  12 hydra simulacra
  4 insubstantial wisps (Abyss:4)
  4 spiny frog zombies
  A soldier ant (shapeshifter) (D:12)
  A floating eye (Abyss:3)
  A floating eye (shapeshifter) (Zig:8)
  44 hell hounds
  9 water moccasins
  3 soldier ants
  An infernal demonspawn skeleton (Crypt:1)
  12 porcupines
  73 orc warriors
  An ettin simulacrum (Vaults:3)
  A torturous demonspawn skeleton (Crypt:3)
  8 ice beasts
  4 spiny frog skeletons
  A swamp drake (Zig:11)
  A swamp dragon zombie (Geh:3)
  A manticore zombie (Dis:5)
  4 elf zombies
  An alligator simulacrum (Hell)
  5 black bears (D:8)
  A monstrous demonspawn skeleton (Pan)
  5 sky beasts
  3 boggarts (Depths:4)
  7 necrophages
  77 ogres
  2 snapping turtle zombies
  6 eyes of draining
  3 phantoms
  16 wolves
  An elephant skeleton (Crypt:2)
  A manticore skeleton (Coc:7)
  24 centaurs
  A rime drake zombie (Crypt:1)
  18 crocodiles
  4 big kobolds
  A yaktaur zombie (Crypt:3)
  10 bullfrogs
  4 earth elementals
  A cyclops zombie (Crypt:3)
  3 gnoll sergeants
  2 glowing shapeshifter simulacra
  4 scorpions
  A troll zombie (Tar:4)
  51 wights
  An orc simulacrum (Vaults:2)
  2 spriggan skeletons
  4 killer bees
  A raiju skeleton (Crypt:1)
  6 howler monkeys
  5 electric eels
  11 crimson imps
  5 centaur zombies
  5 jellies
  A lava snake (Lair:5)
  A quasit (D:10)
  A bullfrog skeleton (D:13)
  24 iron imps
  A hound (D:5)
  19 orc priests
  29 orc wizards
  3 iguanas
  10 worker ants
  A lightning spire (Zig:10)
  A naga zombie (Crypt:1)
  2 big kobold zombies (Ossuary)
  A dwarf skeleton (Crypt:2)
  A naga skeleton (Volcano)
  A hound zombie (D:11)
  2 hound skeletons (D:6)
  68 mummies
  2 howler monkey skeletons
  2 worker ant zombies (D:11)
  10 adders
  22 gnolls
  9 shadow imps
  13 white imps
  An ufetubus (Abyss:1)
  An ooze (D:4)
  An adder skeleton (D:9)
  A lava snake skeleton (Crypt:1)
  A worm (D:3)
  6 leopard geckos
  99 orcs
  8 giant cockroaches
  16 goblins
  6 hobgoblins
  11 jackals
  19 kobolds
  4 quokkas
  A ball python zombie (Crypt:1)
  5 bats
  6 frilled lizards
  3 hobgoblin zombies (Ossuary)
  A jackal zombie (D:9)
  A leopard gecko skeleton (D:9)
  An orc skeleton (Pan)
  2 quokka skeletons
  12 rats
  107 blocks of ice
  19 briar patches (Zig:25)
  A bush (Depths:3)
  212 fire vortices
  3 fungi
  13 plants
  13 starspawn tentacles
  5 tentacles
5793 creatures vanquished.

Vanquished Creatures (collateral kills)
  An ancient lich (Zot:5)
  A Tzitzimitl (Tar:7)
  An Orb Guardian (Zot:5)
  A titan (Zig:26)
  An ancient champion (Crypt:3)
  A juggernaut zombie (Zig:21)
  A reaper (Zig:7)
  A black sun (Pan)
  A lorocyproca (Pan)
  2 white draconians
  An ettin (Abyss:3)
  A blizzard demon (Zig:22)
  A hydra (Zig:11)
  4 death scarabs (Tomb:3)
  An alligator snapping turtle (Zig:14)
  3 titan zombies
  A titan skeleton (Tar:7)
  A vampire mage (Zig:17)
  A golden dragon zombie (Zig:15)
  An orc knight (Zig:13)
  A flayed ghost (Abyss:3)
  A deep elf archer (Zig:25)
  A swamp dragon (Zig:15)
  A shadow dragon zombie (Zig:22)
  2 sphinx skeletons
  2 tengu zombies
  A stone giant zombie (Crypt:2)
  A frost giant skeleton (Hell)
  An orange demon (Pan)
  A merfolk siren (Zig:17)
  An ice devil (Coc:7)
  2 elf skeletons (Zig:22)
  An air elemental (Zig:25)
  A wraith (Zig:15)
  A dire elephant simulacrum (Crypt:3)
  2 water elementals (Zig:17)
  A neqoxec (Pan)
  A naga (Zig:15)
  An orc warrior (Zig:9)
  A snapping turtle zombie (Coc:7)
  A wight (Zig:15)
  A porcupine skeleton (Crypt:3)
  13 mummies
  2 shadow imps (Tar:7)
  4 white imps
  An orc (Vaults:2)
  2 blocks of ice
  A briar patch (Zig:25)
  A plant (Zig:25)
76 creatures vanquished.

Vanquished Creatures (others)
  An eldritch tentacle (Pan)
  26 death scarabs
  A skeletal warrior (Coc:7)
  A wizard (Pan)
  A cyclops (D:12)
  A deep elf mage (Zig:25)
  2 hellions (Geh:7)
  A slime creature (D:12)
  A shadow (Depths:4)
  A water elemental (Zig:25)
  A phantom (Geh:3)
  An ogre (Vaults:2)
  2 mummies (Tomb:2)
  A ball lightning (Tomb:2)
  2 kobolds (D:9)
  An orc zombie (Geh:7)
  334 blocks of ice
  A bush (Abyss:4)
  A demonic plant (Abyss:4)
  982 fire vortices
  12 fungi
  A lurking horror (Abyss:2)
  30 plants
  12 starspawn tentacles
  10 tentacles
1427 creatures vanquished.

Grand Total: 7296 creatures vanquished

Notes
Turn   | Place    | Note
-------+----------+-------------------------------------------
     0 | D:1      | 4thArraOfDagon the Demigod Fire Elementalist began the quest for the Orb.
     0 | D:1      | Reached XP level 1. HP: 14/14 MP: 5/5
    26 | D:1      | Reached skill level 1 in Conjurations
   223 | D:1      | Reached XP level 2. HP: 11/20 MP: 0/7
   356 | D:2      | Found a hide-covered altar of Uskayaw.
   473 | D:3      | Reached XP level 3. HP: 14/26 MP: 6/8
   478 | D:3      | Learned a level 3 spell: Conjure Flame
   739 | D:4      | Found a shimmering altar of Xom.
   795 | D:4      | Found a glowing drain.
   813 | Sewer    | Entered a sewer
   861 | Sewer    | Noticed a big kobold
   882 | Sewer    | Killed a big kobold
   882 | Sewer    | Reached XP level 4. HP: 30/33 MP: 4/10
   908 | Sewer    | Found a white marble altar of Elyvilon.
  1132 | D:3      | Reached XP level 5. HP: 24/38 MP: 9/11
  1270 | D:2      | Found a sacrificial altar of Ru.
  1590 | D:3      | Learned a level 4 spell: Sticky Flame
  2185 | D:5      | Entered Level 5 of the Dungeon
  2185 | D:5      | Noticed a centaur
  2194 | D:5      | Killed a centaur
  2194 | D:5      | Reached XP level 6. HP: 38/45 MP: 13/13
  2255 | D:5      | Reached skill level 5 in Fire Magic
  2268 | D:5      | Noticed Eustachio
  2282 | D:5      | Killed Eustachio
  2282 | D:5      | Reached XP level 7. HP: 19/50 MP: 0/15
  2349 | D:5      | Noticed Edmund
  2368 | D:5      | Found Cuilithest's Antique Weapon Emporium.
  2380 | D:5      | Found a burning altar of Makhleb.
  2385 | D:5      | Gained mutation: You are frail. (-10% HP) [potion of mutation]
  2385 | D:5      | Gained mutation: You are partially covered in large bone plates. (SH +4) [potion of mutation]
  2441 | D:5      | HP: 1/45 [shadow imp/nerve-wracking pain (4)]
  2631 | D:5      | Found a sand-covered staircase.
  2636 | Ossuary  | Entered an ossuary
  2641 | Ossuary  | Reached skill level 5 in Conjurations
  2716 | Ossuary  | Learned a level 5 spell: Fireball
  2905 | D:5      | Found an opulent altar of Gozag.
  3041 | D:6      | Reached XP level 8. HP: 51/51 MP: 14/17
  3145 | D:6      | Killed Edmund
  3497 | D:6      | Identified Sif Muna's Collected Works on Congealing Flames
  3682 | D:7      | Found a staircase to the Ecumenical Temple.
  3730 | D:7      | Found an iron altar of Okawaru.
  3752 | D:7      | Found a blossoming altar of Fedhas.
  3873 | D:7      | Noticed Joseph
  3890 | D:7      | Killed Joseph
  3919 | D:7      | Found a hide-covered altar of Uskayaw.
  3977 | D:7      | Reached XP level 9. HP: 52/55 MP: 19/19
  4109 | D:7      | Found a snail-covered altar of Cheibriados.
  4233 | D:8      | Reached skill level 5 in Spellcasting
  4298 | D:8      | Noticed Nib's ghost (novice OpAs)
  4314 | D:8      | Killed Nib's ghost
  4332 | D:8      | Found a shattered altar of Ashenzari.
  4657 | D:8      | Found a staircase to the Lair.
  4756 | D:8      | Found a shadowy altar of Dithmenos.
  4969 | D:8      | Reached XP level 10. HP: 62/62 MP: 22/22
  4989 | D:8      | Found a bloodstained altar of Trog.
  5468 | D:9      | Noticed a two-headed ogre
  5479 | D:9      | Killed a two-headed ogre
  5523 | D:9      | Reached skill level 10 in Fire Magic
  5850 | D:10     | Entered Level 10 of the Dungeon
  6033 | D:10     | Reached skill level 10 in Conjurations
  6353 | D:11     | Reached XP level 11. HP: 65/66 MP: 25/25
  6435 | D:11     | Found Giaco's General Store.
  6929 | D:11     | Noticed a death knight
  6981 | D:11     | Killed a death knight
  7000 | D:11     | Noticed a centaur warrior
  7020 | D:11     | Killed a centaur warrior
  7023 | D:11     | Identified the ring "Koidir" {EV+3 Stlth+} (You took it off a centaur warrior on level 11 of the Dungeon)
  7081 | D:11     | Identified Ololayda's Volume of Damaging Contamination
  7380 | D:12     | Noticed a two-headed ogre
  7385 | D:12     | Killed a two-headed ogre
  7395 | D:12     | Learned a level 6 spell: Bolt of Fire
  7797 | D:12     | Noticed an unseen horror
  7801 | D:12     | Killed an unseen horror
  8049 | D:12     | Noticed a death knight
  8080 | D:12     | Killed a death knight
  8080 | D:12     | Reached XP level 12. HP: 72/72 MP: 16/28
  8210 | D:12     | Noticed a centaur warrior
  8236 | D:12     | Killed a centaur warrior
  8242 | D:12     | Noticed an ettin
  8244 | D:12     | Killed an ettin
  8398 | D:12     | Noticed an ettin
  8398 | D:12     | Noticed a tengu reaver
  8404 | D:12     | Killed an ettin
  8406 | D:12     | Killed a tengu reaver
  8474 | D:12     | Found the amulet of the Four Winds {rN+ MR+++ Clar}
  8641 | D:13     | Got a smelly scale mail
  8642 | D:13     | Identified the +1 scale mail "Ische" {rCorr Str+3 Slay+5} (You found it on level 13 of the Dungeon)
  8747 | D:13     | Thaneod: your ghost almost killed me
  8777 | D:13     | Thaneod: felid with shatter and blink in Pandemonium
  9294 | D:14     | Noticed a six-headed hydra
  9297 | D:14     | Killed a six-headed hydra
  9297 | D:14     | Reached XP level 13. HP: 77/77 MP: 9/30
  9372 | D:14     | 4thArraOfDagon: ahh
  9372 | D:14     | 4thArraOfDagon: that crappy felid, really? :D
  9560 | D:14     | Lost mutation: You are frail. (-10% HP) [potion of mutation]
  9560 | D:14     | Lost mutation: You are partially covered in large bone plates. (SH +4) [potion of mutation]
  9560 | D:14     | Gained mutation: Your skin changes colour to match your surroundings (Stealth+). [potion of mutation]
  9560 | D:14     | Gained mutation: You possess an exceptional clarity of mind. [potion of mutation]
  9688 | D:14     | Found a gate to the Vaults.
 10242 | D:14     | Found Cebaud's General Store.
 10330 | D:15     | Entered Level 15 of the Dungeon
 10701 | D:15     | Learned a level 4 spell: Passage of Golubria
 10702 | D:15     | Thaneod: passage
 10728 | D:15     | Noticed Agnes
 10920 | D:15     | Killed Agnes
 11194 | D:10     | Found a staircase to the Orcish Mines.
 11298 | Orc:1    | Entered Level 1 of the Orcish Mines
 11604 | Orc:1    | Found Fitus's Antique Armour Shop.
 11611 | Orc:1    | Bought an embroidered scarf for 240 gold pieces
 11641 | Orc:1    | Found a roughly hewn altar of Beogh.
 11653 | Orc:1    | Found Apebbiory's Assorted Antiques.
 11656 | Orc:1    | Bought a lumpy blue potion for 24 gold pieces
 11656 | Orc:1    | Bought a scroll labeled OMMALO HEDU for 27 gold pieces
 11696 | Orc:1    | Found Qodgh's Assorted Antiques.
 11723 | Orc:1    | Found Ycoduch's Book Boutique.
 11762 | Orc:2    | Entered Level 2 of the Orcish Mines
 11763 | Orc:2    | Identified 3 scrolls of acquirement
 11764 | Orc:2    | Got an ancient crystal plate armour
 11765 | Orc:2    | Identified the +0 crystal plate armour of Dishonour {*Slow rF++} (You acquired it on level 2 of the Orcish Mines)
 11804 | Orc:2    | Found a staircase to the Elven Halls.
 11826 | Orc:2    | Learned a level 4 spell: Throw Icicle
 11843 | Orc:2    | Found a dark tunnel.
 11850 | Volcano  | Entered a volcano
 12210 | Volcano  | Got an ancient helmet
 12219 | Volcano  | Identified the cursed +0 helmet of Gallantry {*Slow +Inv Int+8 Slay-4} (You found it in a volcano)
 12505 | Orc:1    | Found Doohij's Assorted Antiques.
 12512 | Orc:1    | Bought a black potion for 25 gold pieces
 12629 | Orc:2    | Found Daneneus's Assorted Antiques.
 12637 | Orc:2    | Bought a scroll labeled WOAFET JOUNAEBEUDD for 34 gold pieces
 12665 | Orc:2    | Found a roughly hewn altar of Beogh.
 12677 | Orc:2    | Found Fedosmocw's Gadget Emporium.
 12769 | Orc:2    | Reached XP level 14. HP: 93/93 MP: 32/32
 12772 | Orc:2    | Reached skill level 10 in Spellcasting
 12921 | Orc:2    | Reached skill level 15 in Fire Magic
 12941 | Orc:2    | Found Ohetzeo's Book Shop.
 12941 | Orc:2    | Found Panwoimn's Book Shoppe.
 12941 | Orc:2    | Found Cauhun's Assorted Antiques.
 12941 | Orc:2    | Found Ukufasej's Food Shop.
 12981 | Orc:2    | :(
 12981 | Orc:2    | Bought a book of Power for 720 gold pieces
 12990 | Orc:2    | Learned a level 7 spell: Orb of Destruction
 13085 | Elf:1    | Entered Level 1 of the Elven Halls
 13379 | Elf:3    | Entered Level 3 of the Elven Halls
 13455 | Elf:3    | Reached skill level 15 in Conjurations
 13482 | Elf:3    | Noticed Louise
 13499 | Elf:3    | Killed Louise
 13676 | Elf:3    | Found Beto's Gadget Emporium.
 13730 | Elf:3    | :O
 14473 | Elf:3    | Reached XP level 15. HP: 71/99 MP: 29/34
 14774 | Elf:3    | Noticed a deep elf blademaster
 14779 | Elf:3    | Killed a deep elf blademaster
 15188 | Elf:3    | Noticed a deep elf blademaster
 15199 | Elf:3    | Killed a deep elf blademaster
 15656 | Elf:3    | Got a translucent jade ring
 15677 | Elf:3    | Noticed a deep elf master archer
 15680 | Elf:3    | Killed a deep elf master archer
 15702 | Elf:3    | Noticed a deep elf master archer
 15767 | Elf:3    | Killed a deep elf master archer
 15972 | Elf:3    | Identified the ring "Megomm" {+Fly MR+ Int+4} (You took it off a deep elf annihilator on level 3 of the Elven Halls)
 16036 | Elf:3    | Got an ancient jade amulet
 16051 | Elf:3    | Identified the Incunabulum of the Glacier
 16063 | Elf:3    | Identified the amulet "Lukaz" {Inacc +Fly Str+4} (You found it on level 3 of the Elven Halls)
 16646 | Elf:2    | Reached XP level 16. HP: 105/105 MP: 32/36
 16931 | Elf:2    | Found a runed gate.
 16931 | Elf:2    | Found a runed gate.
 16932 | Elf:2    | Found a runed gate.
 17839 | Lair:1   | Entered Level 1 of the Lair of Beasts
 17947 | Lair:1   | Found a glowing silver altar of Zin.
 18083 | Lair:1   | Found the +1 cloak of Starlight {rElec rC+ EV+4 Stlth--}
 18095 | Lair:1   | Got a smoking shield
 18101 | Lair:1   | Identified the +3 shield "Fifyqol" {Str+4 Int+3} (You acquired it on level 1 of the Lair of Beasts)
 18152 | Lair:1   | Learned a level 2 spell: Blink
 18164 | Lair:1   | Learned a level 3 spell: Regeneration
 18417 | Lair:2   | Found a hole to the Spider Nest.
 18761 | Lair:3   | Reached skill level 1 in Shields
 18842 | Lair:3   | Learned a level 1 spell: Apportation
 18935 | Lair:3   | Found a staircase to the Shoals.
 19269 | Lair:4   | Noticed Kirke
 19278 | Lair:4   | Killed Kirke
 19513 | Lair:5   | Reached skill level 2 in Shields
 19820 | Lair:6   | Entered Level 6 of the Lair of Beasts
 19820 | Lair:6   | Found a staircase to the Slime Pits.
 20046 | Lair:6   | Reached skill level 3 in Shields
 20126 | Lair:6   | Noticed Josephine
 20138 | Lair:6   | Killed Josephine
 20347 | Lair:6   | Reached XP level 17. HP: 98/111 MP: 37/38
 20690 | Shoals:1 | Entered Level 1 of the Shoals
 20848 | Shoals:1 | Reached skill level 1 in Evocations
 20953 | Shoals:1 | Found a hide-covered altar of Uskayaw.
 20979 | Shoals:1 | Reached skill level 4 in Shields
 21092 | Shoals:1 | Found Rureq's Distillery.
 21118 | Shoals:1 | Bought a potion of heal wounds for 50 gold pieces
 21118 | Shoals:1 | Bought a potion of heal wounds for 50 gold pieces
 21118 | Shoals:1 | Bought a potion of resistance for 100 gold pieces
 21118 | Shoals:1 | Bought a potion of heal wounds for 50 gold pieces
 21118 | Shoals:1 | Bought a potion of curing for 30 gold pieces
 21140 | Shoals:1 | You fall through a shaft!
 21141 | Shoals:2 | :O
 21885 | Shoals:3 | Noticed Polyphemus
 21892 | Shoals:4 | Entered Level 4 of the Shoals
 21910 | Shoals:3 | :O
 22344 | Shoals:3 | Reached skill level 5 in Shields
 22346 | Shoals:3 | NormalPerson7: wow 40 int
 22747 | Shoals:3 | ReniFell: thaneod has just found arga
 23146 | Shoals:4 | Reached XP level 18. HP: 80/117 MP: 38/40
 23164 | Shoals:4 | Got a barnacled rune of Zot
 23377 | Shoals:4 | Noticed Ilsuiw
 23393 | Shoals:4 | Killed Ilsuiw
 23637 | Shoals:4 | Found Quket's Antique Weapon Shoppe.
 23858 | Shoals:4 | Found the ring of Phasing {EV+8}
 23859 | Shoals:4 | Reached skill level 6 in Shields
 23979 | Shoals:3 | Killed Polyphemus
 24106 | Spider:1 | Entered Level 1 of the Spider Nest
 24173 | Spider:1 | :O
 24735 | Spider:2 | Reached skill level 5 in Evocations
 25015 | Spider:2 | Found the +10 Black Knight's horse barding {ponderous, rPois rN+}
 25152 | Spider:3 | Noticed Frances
 25663 | Spider:3 | lol
 25743 | Spider:3 | Reached skill level 7 in Shields
 25778 | Spider:3 | Killed Frances
 25817 | Spider:4 | Entered Level 4 of the Spider Nest
 26107 | Spider:4 | Reached skill level 8 in Shields
 26538 | Spider:4 | Reached XP level 19. HP: 123/123 MP: 28/41
 26557 | Spider:4 | wot
 26962 | Spider:4 | Noticed Arachne
 27014 | Spider:4 | Reached skill level 9 in Shields
 27030 | Spider:4 | Killed Arachne
 27121 | Spider:4 | Got a gossamer rune of Zot
 27337 | Slime:1  | Entered Level 1 of the Pits of Slime
 27337 | Slime:1  | Found a shimmering altar of Xom.
 27531 | Slime:2  | Reached skill level 10 in Shields
 27967 | Slime:3  | Gained mutation: You have a pair of small horns on your head. [a shining eye]
 28009 | Slime:4  | Noticed Dissolution
 28022 | Slime:3  | Killed Dissolution
 28022 | Slime:3  | Reached skill level 11 in Shields
 28318 | Slime:4  | Reached skill level 12 in Shields
 28664 | Slime:5  | Entered Level 5 of the Pits of Slime
 28737 | Slime:5  | Gained mutation: You are weak. (Str -2) [a shining eye]
 28894 | Slime:4  | Turgon: This looks like a slime party in slime:5
 29065 | Slime:4  | Reached skill level 13 in Shields
 29374 | Slime:5  | Noticed the Royal Jelly
 29439 | Slime:4  | 4thArraOfDagon: this will be so much fun
 29439 | Slime:4  | 4thArraOfDagon: I guarantee that much
 29482 | Slime:5  | Turgon: Don't you have any means to fight?
 29501 | Slime:5  | Turgon: What about laja or sth?
 29513 | Slime:5  | Reached XP level 20. HP: 120/129 MP: 15/43
 29516 | Slime:5  | Reached skill level 14 in Shields
 29671 | Slime:5  | Found a viscous altar of Jiyva.
 29927 | Slime:5  | Killed the Royal Jelly
 29929 | Slime:5  | darksquall: waow
 29935 | Slime:5  | Turgon: indeed
 29936 | Slime:5  | 4thArraOfDagon: bang
 29975 | Slime:5  | Turgon: I'm surprised it worked that way
 29975 | Slime:5  | 4thArraOfDagon: me too
 29975 | Slime:5  | 4thArraOfDagon: it works like 3 times in 10 for me
 30009 | Slime:5  | Identified the +11 great sword of Zyuduato {protect, rF+ Int+2} (You found it on level 5 of the Pits of Slime)
 30026 | Slime:5  | Got a slimy rune of Zot
 30037 | Slime:5  | :(
 30535 | D:14     | Bought a potion of mutation for 136 gold pieces
 30535 | D:14     | Lost mutation: You are weak. (Str -2) [potion of mutation]
 30535 | D:14     | Lost mutation: You have a pair of small horns on your head. [potion of mutation]
 30535 | D:14     | Lost mutation: You possess an exceptional clarity of mind. [potion of mutation]
 30535 | D:14     | Gained mutation: Your spells are a little harder to cast, but a little more powerful. [potion of mutation]
 30535 | D:14     | Gained mutation: You are weak. (Str -2) [potion of mutation]
 30535 | D:14     | Gained mutation: You can translocate small distances at will. [potion of mutation]
 30626 | D:14     | Reached skill level 15 in Shields
 30707 | D:14     | Reached skill level 1 in Fighting
 30795 | D:14     | Identified the +9 plate armour "Jodghikirr" {Str+4} (You found it on level 14 of the Dungeon)
 30849 | Vaults:1 | Entered Level 1 of the Vaults
 31407 | Vaults:1 | Reached skill level 5 in Dodging
 31422 | Vaults:1 | Reached skill level 5 in Fighting
 32767 | Vaults:2 | Found Ceecloi's Magic Scroll Boutique.
 32812 | Vaults:2 | Bought a scroll of magic mapping for 63 gold pieces
 32812 | Vaults:2 | Bought a scroll of magic mapping for 63 gold pieces
 32812 | Vaults:2 | Bought a scroll of holy word for 135 gold pieces
 32812 | Vaults:2 | Bought a scroll of holy word for 135 gold pieces
 32996 | Vaults:2 | Reached XP level 21. HP: 160/160 MP: 13/44
 33324 | Vaults:2 | Reached skill level 1 in Armour
 33558 | Vaults:3 | Noticed Sojobo
 33689 | Vaults:3 | Reached skill level 5 in Armour
 34003 | Vaults:3 | Found a flickering gateway to a bazaar.
 34012 | Bazaar   | Entered a bazaar
 34013 | Bazaar   | Found Arecs's Jewellery Emporium.
 34013 | Bazaar   | Found Disoinil's General Store.
 34014 | Bazaar   | Found Pitydum's Gadget Shop.
 34038 | Bazaar   | Found Jeeck's Gadget Boutique.
 34552 | Vaults:3 | Killed Sojobo
 34818 | Vaults:4 | Noticed Frederick
 34822 | Vaults:4 | Killed Frederick
 34969 | Vaults:4 | Found Suddudgh's Assorted Antiques.
 34985 | Vaults:4 | Bought a potion of heal wounds for 190 gold pieces
 35083 | Vaults:4 | Reached skill level 15 in Spellcasting
 35099 | Vaults:4 | Noticed Mara
 35103 | Vaults:4 | Killed Mara
 35448 | D:15     | Found a staircase to the Depths.
 35482 | Depths:1 | Entered Level 1 of the Depths
 35505 | Depths:1 | Noticed Bai Suzhen
 35560 | Depths:1 | Killed Bai Suzhen
 35581 | Depths:1 | Reached XP level 22. HP: 172/172 MP: 14/47
 35707 | Depths:1 | Found a gateway to Hell.
 35777 | Depths:1 | Found a flickering gateway to a bazaar.
 35786 | Bazaar   | Entered a bazaar
 35788 | Bazaar   | Found Vyutes's Magic Scroll Shop.
 35796 | Bazaar   | Bought a scroll of teleportation for 57 gold pieces
 35796 | Bazaar   | Bought a scroll of identify for 38 gold pieces
 35796 | Bazaar   | Bought 3 scrolls of identify for 114 gold pieces
 35796 | Bazaar   | Bought a scroll of fog for 38 gold pieces
 35798 | Bazaar   | Found Zubios's Jewellery Shoppe.
 35813 | Bazaar   | Found Xigezov's Antique Armour Shoppe.
 35819 | Bazaar   | Found Zoath's Antique Armour Shoppe.
 35827 | Bazaar   | Bought a pair of translucent gloves for 266 gold pieces
 35827 | Bazaar   | Identified the +2 pair of gloves "Raill" {Int+9} (You bought it in a shop in a bazaar)
 35839 | Bazaar   | Bought the +3 crown of Dyrovepreva {rElec Int+2 SInv} for 786 gold pieces
 35839 | Bazaar   | Found the +3 crown of Dyrovepreva {rElec Int+2 SInv}
 35876 | Depths:1 | Found Ywuos's Gadget Boutique.
 36069 | Depths:1 | Found Heehoer's Assorted Antiques.
 36077 | Depths:1 | Found Omnussag's Assorted Antiques.
 36085 | Depths:1 | Bought a scroll of identify for 64 gold pieces
 36085 | Depths:1 | Bought a faintly humming robe for 182 gold pieces
 36085 | Depths:1 | Identified the +1 robe "Unwe" {Dex+3} (You bought it in a shop on level 1 of the Depths)
 36234 | Depths:1 | Noticed Nikola
 36250 | Depths:1 | Killed Nikola
 36539 | Depths:1 | Identified the cursed +1 shadow dragon scales of Past Mistakes {rPois rC+ rN+ Str+3 Stlth++++} (You took it off a yaktaur on level 1 of the Depths)
 36804 | Depths:2 | Noticed Jorgrun
 36811 | Depths:2 | Killed Jorgrun
 36889 | Depths:2 | Learned a level 6 spell: Statue Form
 36891 | Depths:2 | Found a one-way gate to the infinite horrors of the Abyss.
 36976 | Depths:2 | Reached skill level 1 in Transmutations
 36976 | Depths:2 | Reached skill level 1 in Earth Magic
 37088 | Depths:2 | Noticed a juggernaut
 37093 | Depths:2 | Killed a juggernaut
 37236 | Depths:2 | Found a gateway to a ziggurat.
 37476 | Depths:2 | You fall through a shaft for 2 floors!
 37478 | Depths:4 | :O
 37799 | Depths:3 | Reached skill level 5 in Transmutations
 37799 | Depths:3 | Reached skill level 5 in Earth Magic
 37977 | Depths:3 | Found a one-way gate leading to the halls of Pandemonium.
 38109 | Depths:3 | Reached XP level 23. HP: 178/178 MP: 16/50
 38428 | Depths:3 | Noticed a greater mummy
 38431 | Depths:3 | Killed a greater mummy
 38431 | Depths:3 | Reached skill level 10 in Evocations
 38519 | Depths:3 | Noticed a greater mummy
 38521 | Depths:3 | Killed a greater mummy
 38524 | Depths:3 | Noticed a greater mummy
 38558 | Depths:3 | Killed a greater mummy
 38584 | Depths:3 | Found the +7 sceptre of Torment
 39046 | Depths:4 | Found a shadowy altar of Dithmenos.
 39047 | Depths:4 | Found the ring of Shadows {Umbra +Inv Stlth+}
 39072 | Depths:4 | Identified the +2 shadow dragon scales "Lyschi Suod" {rC- Int+6 Stlth++++} (You found it on level 4 of the Depths)
 39165 | Depths:5 | Entered Level 5 of the Depths
 39360 | Depths:5 | Found a gate to the Realm of Zot.
 40286 | Vaults:5 | Entered Level 5 of the Vaults
 40565 | Vaults:5 | Reached XP level 24. HP: 155/179 MP: 26/52
 40576 | Vaults:5 | Noticed an ancient lich
 40656 | Vaults:5 | Killed an ancient lich
 40719 | Vaults:5 | Found Haet's Gadget Shop.
 40814 | Vaults:5 | p0werm0de: vines?
 40872 | Vaults:5 | PaperRat: yup
 41009 | Vaults:5 | Identified The Second Course in Witchery
 41028 | Vaults:5 | Noticed an ancient lich
 41039 | Vaults:5 | Killed an ancient lich
 41050 | Vaults:5 | p0werm0de: nice
 41073 | Vaults:5 | p0werm0de: very nice for DG
 41150 | Vaults:5 | Reached skill level 1 in Translocations
 41320 | Vaults:5 | Noticed an ancient lich
 41324 | Vaults:5 | Killed an ancient lich
 41475 | Vaults:5 | Reached skill level 5 in Translocations
 41518 | Vaults:5 | Got a silver rune of Zot
 42009 | Vaults:5 | Identified the Compendium of Envenoming and Execration
 42160 | Vaults:5 | Paralysed by the power of Zot for 4 turns
 42631 | Orc:2    | Bought the Collected Works on the Aerial Compass for 1264 gold pieces
 42631 | Orc:2    | Bought a book of Death for 1120 gold pieces
 42634 | Orc:2    | Learned a level 2 spell: Sublimation of Blood
 42643 | Orc:2    | Learned a level 8 spell: Controlled Blink
 42893 | Zig:1    | Entered Level 1 of a ziggurat
 42917 | Zig:2    | Entered Level 2 of a ziggurat
 42942 | Zig:3    | Entered Level 3 of a ziggurat
 42949 | Zig:3    | Reached skill level 1 in Necromancy
 42993 | Zig:4    | Entered Level 4 of a ziggurat
 43027 | Zig:4    | Identified the Reference Book on Scorching Clay (You acquired it on level 4 of a ziggurat)
 43043 | Zig:4    | Learned a level 9 spell: Fire Storm
 43047 | Zig:4    | Identified the +3 buckler "Tihuecarr" {Int+3} (You found it on level 4 of a ziggurat)
 43054 | Zig:4    | Identified the +0 robe of Pandemonium {Dex+3} (You found it on level 4 of a ziggurat)
 43058 | Zig:4    | Identified the +0 cloak of Spring Thaw {Regen+ Str+3 Int+3} (You found it on level 4 of a ziggurat)
 43076 | Zig:5    | Entered Level 5 of a ziggurat
 43081 | Zig:5    | Noticed Moent the pandemonium lord
 43082 | Zig:5    | Found the +8 autumn katana {slice, Clar}
 43085 | Zig:5    | Killed Moent the pandemonium lord
 43085 | Zig:5    | Reached skill level 10 in Translocations
 43086 | Zig:5    | NormalPerson7: !hs * dgfe
 43086 | Zig:5    | Reached XP level 25. HP: 121/186 MP: 11/53
 43091 | Zig:5    | beem: 9087. 4tharraofdagon the Skullcrusher (L27 DgFE), escaped with the Orb and 15 runes on 2014-02-26 00:13:19, with 24731481 points after 60475 turns and 11:45:25.
 43129 | Zig:5    | NormalPerson7: going for your own hiscore 4tharra?
 43129 | Zig:5    | NormalPerson7: !stalk $p
 43129 | Zig:5    | beem: 4thArraOfDagon the L24 DgFE^ in Zig:5 (cxc tiles), T:43076, runes: 4 (silver, slimy, gossamer...), defenses: 15/18/17, stats: 16/56/16, >15 skills: Shields,Spellcasting,Conjurations,Fire Magic
 43133 | Zig:6    | Entered Level 6 of a ziggurat
 43203 | Zig:6    | Learned a level 9 spell: Glaciate
 43204 | Zig:7    | Entered Level 7 of a ziggurat
 43225 | Zig:7    | Reached skill level 5 in Necromancy
 43225 | Zig:7    | Reached XP level 26. HP: 193/193 MP: 47/53
 43245 | Zig:8    | Entered Level 8 of a ziggurat
 43253 | Zig:8    | Paralysed by a floating eye for 2 turns
 43277 | Zig:9    | Entered Level 9 of a ziggurat
 43277 | Zig:9    | Noticed nikopol's ghost (legendary DEFE)
 43294 | Zig:10   | Entered Level 10 of a ziggurat
 43298 | Zig:10   | bye
 43360 | Zig:10   | Identified the ring of Eternal Harmony {+Blink +Inv rPois} (You found it on level 10 of a ziggurat)
 43365 | Zig:10   | Reached XP level 27. HP: 199/199 MP: 53/53
 43370 | Zig:11   | Entered Level 11 of a ziggurat
 43380 | Zig:11   | Found the +8 longbow "Zephyr" {speed, Dex+3 SInv}
 43451 | Zig:11   | Identified the +3 great sword of Donniun {slice, +Rage} (You found it on level 11 of a ziggurat)
 43453 | Zig:11   | Identified the cursed +1 long sword "Leepaext" {antimagic, rF+} (You found it on level 11 of a ziggurat)
 43457 | Zig:12   | Entered Level 12 of a ziggurat
 43495 | Zig:12   | Identified the Grimoire of Icy Poisoning
 43528 | Zig:12   | Identified the +2 robe of the Ninety-Nine Allies {MP+9 Int+4} (You found it on level 12 of a ziggurat)
 43537 | Zig:12   | Reached skill level 15 in Translocations
 43548 | Zig:12   | Identified the ring "Zeegidgh" {Str+9 Dex+6 SInv} (You found it on level 12 of a ziggurat)
 43554 | Zig:12   | Identified the +7 chain mail of Autumn {rCorr} (You found it on level 12 of a ziggurat)
 43584 | Zig:13   | Entered Level 13 of a ziggurat
 43596 | Zig:13   | Found the +7 longbow "Piercer" {penet, EV-2}
 43597 | Zig:13   | Reached skill level 1 in Ice Magic
 43636 | Zig:13   | Found the +8 Wrath of Trog {antimagic, *Rage}
 43661 | Zig:14   | Entered Level 14 of a ziggurat
 43678 | Zig:14   | Thaneod: hmm
 43816 | Zig:14   | Identified Taabypn's Reference Book on Aerial Slavery
 43830 | Zig:14   | Identified the +2 robe of Osuaplecko {Str+3} (You found it on level 14 of a ziggurat)
 43838 | Zig:15   | Entered Level 15 of a ziggurat
 43856 | Zig:15   | Reached skill level 5 in Ice Magic
 43945 | Zig:15   | Identified the +3 plate armour of Fun and Games {rN+} (You found it on level 15 of a ziggurat)
 43957 | Zig:16   | Entered Level 16 of a ziggurat
 43977 | Zig:16   | Learned a level 8 spell: Ignition
 44022 | Zig:17   | Entered Level 17 of a ziggurat
 44143 | Zig:17   | Identified the Papyrus of Warped Transmigration
 44146 | Zig:17   | Identified the cursed +1 scale mail of the Castellan {Dex+4} (You found it on level 17 of a ziggurat)
 44159 | Zig:17   | Identified the Collected Works on Dislocation
 44165 | Zig:18   | Entered Level 18 of a ziggurat
 44206 | Zig:18   | Noticed an ancient lich
 44209 | Zig:18   | Killed an ancient lich
 44214 | Zig:18   | Reached skill level 10 in Ice Magic
 44281 | Zig:18   | Identified the amulet "Dutauzin" {Gourm rC- MR+++ Str-4 SInv} (You found it on level 18 of a ziggurat)
 44294 | Zig:18   | Identified the cursed +0 chain mail of Recsudud {rN+ Str-3 Int+3} (You found it on level 18 of a ziggurat)
 44296 | Zig:18   | Identified the +2 robe of the Skies Above {+Fly Int+6} (You found it on level 18 of a ziggurat)
 44311 | Zig:19   | Entered Level 19 of a ziggurat
 44723 | Vaults:2 | Found a staircase to the Crypt.
 44728 | Crypt:1  | Entered Level 1 of the Crypt
 44837 | Crypt:1  | p0werm0de: https://soundcloud.com/dirtydoering/dirty-doering-subsonic-mix-2015
 45102 | Crypt:3  | Entered Level 3 of the Crypt
 45352 | Crypt:3  | Noticed an ancient lich
 45354 | Crypt:3  | Killed an ancient lich
 45379 | Crypt:3  | Found an ancient bone altar of Kikubaaqudgha.
 45385 | Crypt:3  | Found a basalt altar of Yredelemnul.
 45544 | Crypt:3  | Found a staircase to the Tomb.
 45566 | Tomb:1   | Entered Level 1 of the Tomb of the Ancients
 45627 | Tomb:1   | Identified the ring of Lesoq {Wiz Int+4} (You acquired it on level 1 of the Tomb of the Ancients)
 45676 | Tomb:1   | Learned a level 8 spell: Necromutation
 45916 | Tomb:1   | Identified the ring of Kailiff {+Blink SInv} (You found it on level 1 of the Tomb of the Ancients)
 46196 | Tomb:1   | Reached skill level 10 in Necromancy
 46228 | Tomb:1   | Reached skill level 10 in Transmutations
 46607 | Tomb:3   | Entered Level 3 of the Tomb of the Ancients
 46834 | Tomb:3   | Identified Sif Muna's Handbook of Floating Self-Improvement
 46881 | Tomb:3   | Identified the +3 chain mail of Doupt {rPois Dex+7 SInv Stlth-} (You found it on level 3 of the Tomb of the Ancients)
 46889 | Tomb:3   | Identified the Guide on Contamination and Moulding
 47126 | Tomb:3   | Noticed an ancient lich
 47127 | Tomb:3   | Killed an ancient lich
 47136 | Tomb:3   | Noticed an ancient lich
 47137 | Tomb:3   | Killed an ancient lich
 47178 | Tomb:3   | Got a golden rune of Zot
 47576 | Vaults:2 | Noticed Saint Roka
 47580 | Vaults:2 | Killed Saint Roka
 47755 | Pan      | Entered Pandemonium
 47809 | Pan      | Noticed Jyxiorch the pandemonium lord
 47809 | Pan      | Killed Jyxiorch the pandemonium lord
 48358 | Pan      | Found a transporter.
 48446 | Pan      | Found a transporter.
 48456 | Pan      | Identified the ring "Gotrely" {Fire Stlth+} (You found it in Pandemonium)
 48464 | Pan      | Identified the ring "Egys Vach" {Fire *Corrode rElec Int+7} (You found it in Pandemonium)
 48485 | Pan      | Entered the realm of Gloorx Vloq.
 48823 | Pan      | Noticed Gloorx Vloq
 48829 | Pan      | Killed Gloorx Vloq
 48876 | Pan      | Got a dark rune of Zot
 49025 | Pan      | Learned a level 8 spell: Death's Door
 49066 | Pan      | Reached skill level 1 in Charms
 49195 | Pan      | Noticed Guin Ocka the pandemonium lord
 49197 | Pan      | Killed Guin Ocka the pandemonium lord
 49253 | Pan      | Reached skill level 5 in Charms
 49351 | Pan      | Entered the realm of Mnoleg.
 49500 | Pan      | Noticed Mnoleg
 49516 | Pan      | Killed Mnoleg
 49533 | Pan      | Got a glowing rune of Zot
 49631 | Pan      | Entered the realm of Cerebov.
 49780 | Pan      | Reached skill level 10 in Fighting
 49887 | Pan      | Identified the cursed -5 buckler "Urucanke" {rC+} (You found it in Pandemonium)
 49888 | Pan      | Identified the Catalogue of the Birds and Creation
 49956 | Pan      | Identified Depog's Advanced Guide to Spellcraft
 49959 | Pan      | Noticed Cerebov
 50017 | Pan      | Killed Cerebov
 50064 | Pan      | Identified the Guide on Vitriolic Good Luck
 50066 | Pan      | Got a fiery rune of Zot
 50068 | Pan      | Identified the cursed +1 long sword "Wecon" {drain, Stlth+} (You found it in Pandemonium)
 50193 | Pan      | Noticed Xovopun the pandemonium lord
 50198 | Pan      | Killed Xovopun the pandemonium lord
 50245 | Pan      | Got a demonic rune of Zot
 50288 | Pan      | Found an exit through the horrors of the Abyss.
 50429 | Pan      | Identified the amulet of Isa Muhi {+Rage rN+} (You acquired it in Pandemonium)
 50431 | Pan      | Entered the realm of Lom Lobon.
 50708 | Pan      | Noticed Lom Lobon
 50723 | Pan      | Killed Lom Lobon
 50772 | Pan      | Got a magical rune of Zot
 50872 | Pan      | Reached skill level 15 in Fighting
 51043 | Pan      | Noticed Mennas
 51094 | Depths:3 | Escaped Pandemonium
 51139 | Hell     | Entered the Vestibule of Hell
 51139 | Hell     | Noticed Geryon
 51144 | Hell     | Killed Geryon
 51275 | Hell     | Found a gateway to the Iron City of Dis.
 51293 | Dis:1    | Entered Level 1 of the Iron City of Dis
 51465 | Dis:2    | You fall through a shaft!
 52092 | Dis:7    | Entered Level 7 of the Iron City of Dis
 52499 | Dis:7    | Noticed Dispater
 52585 | Dis:7    | Killed Dispater
 52613 | Dis:7    | Found the ring of the Octopus King
 52620 | Dis:7    | Identified a ring of the Octopus King {rF+ AC+1 EV+1 Str+1 Int+1 Dex+1} (You found it on level 7 of the Iron City of Dis)
 52632 | Dis:7    | Got an iron rune of Zot
 52771 | Hell     | Found a gateway to the ashen valley of Gehenna.
 52780 | Geh:1    | Entered Level 1 of Gehenna
 52948 | Geh:3    | Cast into level 2 of the Abyss (hell knight)
 52957 | Abyss:2  | ty
 52970 | Abyss:3  | Found a corrupted altar of Lugonu.
 53075 | Abyss:4  | Reached skill level 15 in Evocations
 53133 | Abyss:4  | Found a corrupted altar of Lugonu.
 53266 | Abyss:4  | Reached skill level 5 in Stealth
 53310 | Geh:3    | Escaped the Abyss
 53498 | Geh:7    | Entered Level 7 of Gehenna
 53630 | Geh:7    | Reached skill level 10 in Stealth
 53662 | Geh:7    | Found the +8 demon blade "Leech" {vamp, rN+ AC-3 EV-3}
 53690 | Geh:7    | Noticed Asmodeus
 53696 | Geh:7    | Killed Asmodeus
 53739 | Geh:7    | Got an obsidian rune of Zot
 53907 | Hell     | Found a gateway to the decaying netherworld of Tartarus.
 53915 | Tar:1    | Entered Level 1 of Tartarus
 53991 | Tar:3    | Reached skill level 1 in Long Blades
 54136 | Tar:7    | Entered Level 7 of Tartarus
 54226 | Tar:7    | Reached skill level 10 in Dodging
 54240 | Tar:7    | Reached skill level 5 in Long Blades
 54257 | Tar:7    | Identified the ring of the Final Decision {MR+ Stlth+} (You found it on level 7 of Tartarus)
 54271 | Tar:7    | Identified the +6 plate armour of Darkness {rC++ MR+} (You found it on level 7 of Tartarus)
 54319 | Tar:7    | Noticed Ereshkigal
 54331 | Tar:7    | Killed Ereshkigal
 54347 | Tar:7    | Reached skill level 10 in Armour
 54405 | Tar:7    | Got a bone rune of Zot
 54493 | Hell     | Found a gateway to the freezing wastes of Cocytus.
 54504 | Coc:1    | Entered Level 1 of Cocytus
 54928 | Coc:7    | Entered Level 7 of Cocytus
 55041 | Coc:7    | Reached skill level 10 in Long Blades
 55042 | Coc:7    | Noticed Antaeus
 55050 | Coc:7    | Noticed the Serpent of Hell
 55055 | Coc:7    | Killed the Serpent of Hell
 55095 | Coc:7    | Thaneod: robe of vines?
 55130 | Coc:7    | 4thArraOfDagon: ta
 55196 | Coc:7    | Thaneod: godlike items for almost full god:)
 55329 | Coc:7    | Killed Antaeus
 55354 | Coc:7    | Identified the ring "Banism" {+Fly rF+ Str+4 Int-2 Dex+7} (You found it on level 7 of Cocytus)
 55355 | Coc:7    | Got an icy rune of Zot
 55446 | Hell     | Thaneod: abyss left?
 55449 | Hell     | 4thArraOfDagon: ye
 55449 | Hell     | 4thArraOfDagon: but want to hit invo title first
 55449 | Hell     | 4thArraOfDagon: lets try some zigs
 55462 | Zig:1    | Entered Level 1 of a ziggurat
 55463 | Zig:1    | Noticed Yrphejao the pandemonium lord
 55467 | Zig:1    | Killed Yrphejao the pandemonium lord
 55487 | Zig:2    | Entered Level 2 of a ziggurat
 55514 | Zig:3    | Entered Level 3 of a ziggurat
 55539 | Zig:4    | Entered Level 4 of a ziggurat
 55543 | Zig:4    | Found the +0 sword of Power
 55553 | Zig:4    | Identified the Papyrus of Harmful Moulding
 55560 | Zig:5    | Entered Level 5 of a ziggurat
 55566 | Zig:5    | Found the +3 hat of Pondering {ponderous, MR+ MP+10 Int+5}
 55582 | Zig:5    | Identified the cursed +0 shield of Ismug {Regen+ Stlth+} (You found it on level 5 of a ziggurat)
 55599 | Zig:6    | Entered Level 6 of a ziggurat
 55606 | Zig:6    | Found the cursed +14 obsidian axe {chop, +Fly SInv *Curse}
 55633 | Zig:6    | Thaneod: 70mp, 70 int
 55634 | Zig:7    | Entered Level 7 of a ziggurat
 55641 | Zig:7    | Reached skill level 1 in Axes
 55664 | Zig:7    | Identified the Guide on Supportive Malediction
 55679 | Zig:8    | Entered Level 8 of a ziggurat
 55685 | Zig:8    | Found the +8 whip "Snakebite" {curare, rPois}
 55685 | Zig:8    | Noticed a juggernaut
 55686 | Zig:8    | Found the cursed necklace of Bloodlust {*Rage +Rage MR++ Int-3 Slay+6 *Curse}
 55687 | Zig:8    | Killed a juggernaut
 55703 | Zig:9    | Entered Level 9 of a ziggurat
 55741 | Zig:10   | Entered Level 10 of a ziggurat
 55752 | Zig:10   | Reached skill level 5 in Axes
 55765 | Zig:10   | Identified the Handbook of Assistive Hexes
 55790 | Zig:11   | Entered Level 11 of a ziggurat
 55800 | Zig:11   | Noticed a juggernaut
 55802 | Zig:11   | Killed a juggernaut
 55817 | Zig:11   | Identified the amulet of Ofuqoef {+Rage rC+ MP+9} (You found it on level 11 of a ziggurat)
 55819 | Zig:11   | 4thArraOfDagon: crap
 55819 | Zig:11   | Thaneod: lol
 55819 | Zig:11   | 4thArraOfDagon: no invo
 55819 | Zig:11   | 4thArraOfDagon: :(
 55819 | Zig:11   | 4thArraOfDagon: ctrl q
 55819 | Zig:11   | zkyp: athiest
 55819 | Zig:11   | Thaneod: presit of yourself:)
 55819 | Zig:11   | Thaneod: priest
 55819 | Zig:11   | Thaneod: soo what manual of invocations will do to demigod?
 55819 | Zig:11   | Reached skill level 16 in Shields
 55826 | Zig:11   | Identified the Compendium of the Inquisitive Queens
 55834 | Zig:12   | Entered Level 12 of a ziggurat
 55842 | Zig:12   | Noticed an ancient lich
 55845 | Zig:12   | Killed an ancient lich
 55875 | Zig:12   | Reached skill level 10 in Axes
 55891 | Zig:13   | Entered Level 13 of a ziggurat
 55903 | Zig:13   | Found the +2 mace of Variability {chaos}
 55935 | Zig:13   | Identified the +17 plate armour of Indecent Exposure {Slay+6} (You found it on level 13 of a ziggurat)
 55936 | Zig:13   | 4thArraOfDagon: ohh
 55936 | Zig:13   | zkyp: lol
 55936 | Zig:13   | Thaneod: +17
 55968 | Zig:13   | 4thArraOfDagon: really
 55994 | Zig:14   | Entered Level 14 of a ziggurat
 56036 | Zig:14   | Identified the +5 storm dragon scales "Jogerun" {rElec rF+ MR+} (You found it on level 14 of a ziggurat)
 56038 | Zig:14   | Identified the Tome of Evil and Flight
 56042 | Zig:15   | Entered Level 15 of a ziggurat
 56075 | Zig:15   | zkyp: can you show me the plate again?
 56076 | Zig:15   | zkyp: want to COPY PASTE IT
 56082 | Zig:15   | Thaneod: to your game:>?
 56106 | Zig:15   | zkyp: just made a new discord channel for LOL ITEMS
 56106 | Zig:15   | zkyp: this will be the first
 56109 | Zig:16   | Entered Level 16 of a ziggurat
 56127 | Zig:16   | Reached skill level 17 in Shields
 56156 | Zig:17   | Entered Level 17 of a ziggurat
 56183 | Zig:17   | Noticed an ancient lich
 56185 | Zig:17   | Killed an ancient lich
 56200 | Zig:17   | Reached skill level 18 in Shields
 56207 | Zig:17   | Reached skill level 15 in Axes
 56224 | Zig:17   | Found the +4 Vampire's Tooth {vamp}
 56249 | Zig:18   | Entered Level 18 of a ziggurat
 56276 | Zig:18   | Identified the +8 plate armour of Hangman {rF+ Dex-2 Slay+3} (You found it on level 18 of a ziggurat)
 56290 | Zig:18   | Identified the Almanac of the Hurtful Rocks
 56294 | Zig:19   | Entered Level 19 of a ziggurat
 56321 | Zig:19   | Reached skill level 19 in Shields
 56347 | Zig:19   | Reached skill level 20 in Shields
 56350 | Zig:19   | Noticed Ponuz the pandemonium lord
 56351 | Zig:19   | Killed Ponuz the pandemonium lord
 56376 | Zig:19   | Identified the +6 plate armour of the Fiddle {+Blink Dex+9} (You found it on level 19 of a ziggurat)
 56384 | Zig:19   | Identified the amulet "Areg" {Acrobat rF+ rN+ Dex+6 Slay-3} (You found it on level 19 of a ziggurat)
 56387 | Zig:20   | Entered Level 20 of a ziggurat
 56431 | Zig:20   | Reached skill level 21 in Shields
 56443 | Zig:20   | Noticed an ancient lich
 56443 | Zig:20   | Killed an ancient lich
 56465 | Zig:20   | Found the +7 lajatang of Order {silver, rMut}
 56483 | Zig:20   | Identified the ring of Erugoetorr {rElec rPois rN+ SInv} (You found it on level 20 of a ziggurat)
 56485 | Zig:20   | Reached skill level 22 in Shields
 56487 | Zig:21   | Entered Level 21 of a ziggurat
 56533 | Zig:21   | Thaneod: frozen monsters receive more dmg from firestorm?
 56589 | Zig:21   | Found the tattered robe
 56599 | Zig:21   | Identified the ring of Muoratot {+Blink rN+ MR- Str+3 Dex+7} (You found it on level 21 of a ziggurat)
 56602 | Zig:22   | Entered Level 22 of a ziggurat
 56604 | Zig:22   | 4thArraOfDagon: idk
 56630 | Zig:22   | Reached skill level 23 in Shields
 56697 | Zig:22   | Identified the ring of the Shrike {rElec rPois rC+ Str+2 Int+6} (You found it on level 22 of a ziggurat)
 56709 | Zig:23   | Entered Level 23 of a ziggurat
 56727 | Zig:23   | Reached skill level 24 in Shields
 56752 | Zig:23   | Identified the ring of Piqeulun {rPois Str+3 Int+3} (You found it on level 23 of a ziggurat)
 56755 | Zig:23   | Identified the cursed +0 pair of gloves of Byreov {rN+} (You found it on level 23 of a ziggurat)
 56761 | Zig:23   | Identified the amulet of Rionwaenk {Harm *Drain +Inv rPois rN+ Str+3} (You found it on level 23 of a ziggurat)
 56766 | Zig:24   | Entered Level 24 of a ziggurat
 56777 | Zig:24   | Noticed an ancient lich
 56779 | Zig:24   | Noticed an ancient lich
 56780 | Zig:24   | Killed an ancient lich
 56782 | Zig:24   | Killed an ancient lich
 56782 | Zig:24   | Reached skill level 25 in Shields
 56785 | Zig:24   | Noticed an ancient lich
 56785 | Zig:24   | Noticed an ancient lich
 56786 | Zig:24   | Noticed an ancient lich
 56786 | Zig:24   | Killed an ancient lich
 56786 | Zig:24   | Killed an ancient lich
 56788 | Zig:24   | Killed an ancient lich
 56797 | Zig:24   | Noticed an ancient lich
 56801 | Zig:24   | Found the +10 morningstar "Eos" {elec, Halo rElec}
 56801 | Zig:24   | Killed an ancient lich
 56809 | Zig:24   | Identified the +3 buckler "Urhacrujic" {Str+3} (You found it on level 24 of a ziggurat)
 56811 | Zig:24   | Identified the cursed +0 buckler of the Gardener {Str+3} (You found it on level 24 of a ziggurat)
 56818 | Zig:25   | Entered Level 25 of a ziggurat
 56849 | Zig:25   | Reached skill level 26 in Shields
 56900 | Zig:25   | Found the cursed +13 scythe of Curses {drain, *Curse}
 56905 | Zig:25   | Identified the Papyrus of Moulding and Contamination
 56918 | Zig:25   | Identified the ring of Ocutz {MR+ EV+3} (You found it on level 25 of a ziggurat)
 56919 | Zig:25   | Identified the cursed ring of Makhleb's Outrage {rF+ Int+2 Slay-4} (You found it on level 25 of a ziggurat)
 56920 | Zig:25   | Identified the amulet "Pegesecs" {Acrobat rF+ MR++} (You found it on level 25 of a ziggurat)
 56921 | Zig:25   | Identified the ring of Zofocrel {MR+ EV+1 Str+4 Int+2} (You found it on level 25 of a ziggurat)
 56925 | Zig:26   | Entered Level 26 of a ziggurat
 56929 | Zig:26   | Noticed Thaneod's ghost (legendary DEFE)
 56929 | Zig:26   | 4thArraOfDagon: ohh
 56929 | Zig:26   | 4thArraOfDagon: its you
 56934 | Zig:26   | Killed Thaneod's ghost
 56934 | Zig:26   | Reached skill level 27 in Shields
 56935 | Zig:26   | Thaneod: nooo:(
 56935 | Zig:26   | 4thArraOfDagon: avenged!
 56947 | Zig:26   | Noticed a juggernaut
 56947 | Zig:26   | Noticed a juggernaut
 56947 | Zig:26   | Thaneod: why so weak...
 56951 | Zig:26   | Thaneod: he should firestom spam
 56954 | Zig:26   | Killed a juggernaut
 56956 | Zig:26   | Noticed a juggernaut
 56982 | Zig:26   | Noticed a juggernaut
 56983 | Zig:26   | Killed a juggernaut
 56997 | Zig:26   | Killed a juggernaut
 56997 | Zig:26   | Killed a juggernaut
 57039 | Zig:26   | Found the +3 sling "Punk" {acid, rCorr}
 57043 | Zig:26   | Found the +2 shield of Resistance {rF+ rC+ MR+}
 57046 | Zig:26   | Identified the ring of Ekeppu Iryev {+Blink +Fly Str+3 Stlth+} (You found it on level 26 of a ziggurat)
 57052 | Zig:26   | 4thArraOfDagon: that was ultimate char
 57052 | Zig:26   | 4thArraOfDagon: how much mp, like 120?
 57063 | Zig:26   | Identified the ring of Niysk {rF+ rC+ MR- Dex+2} (You found it on level 26 of a ziggurat)
 57070 | Zig:27   | Entered Level 27 of a ziggurat
 57088 | Zig:27   | Thaneod: 116
 57105 | Zig:27   | Found the +9 scales of the Dragon King {rPois rF+ rC+ MR+}
 57125 | Zig:27   | Identified the amulet "Ulakk" {Faith rElec Dex-4 Stlth+} (You found it on level 27 of a ziggurat)
 57178 | Depths:5 | Voluntarily entered the Abyss.
 57178 | Abyss:1  | Found a corrupted altar of Lugonu.
 57739 | Abyss:2  | wojtek: a frog in the abyss
 57749 | Abyss:2  | wojtek: - what are you doing in here?
 57786 | Abyss:3  | Found a corrupted altar of Lugonu.
 57788 | Abyss:3  | wojtek: - oh, I was making out with guys left and right telling them I'm a princess that needs to be kissed for a spell to be broken... that's why they put me in here
 57821 | Abyss:3  | Paralysed by a floating eye for 3 turns
 57837 | Abyss:3  | Got an abyssal rune of Zot
 57878 | Depths:5 | Escaped the Abyss
 57882 | Depths:5 | Thaneod: :)
 57925 | Zot:1    | Entered Level 1 of the Realm of Zot
 58028 | Zot:3    | Reached skill level 15 in Armour
 58110 | Zot:4    | Noticed an orb of fire
 58117 | Zot:4    | Killed an orb of fire
 58194 | Zot:5    | Entered Level 5 of the Realm of Zot
 58225 | Zot:4    | p0werm0de: divine BARRICADE
 58239 | Zot:5    | p0werm0de: and still use normal shield?
 58299 | Zot:5    | Noticed an ancient lich
 58302 | Zot:5    | Killed an ancient lich
 58306 | Zot:5    | Noticed an ancient lich
 58307 | Zot:5    | Killed an ancient lich
 58362 | Zot:5    | Noticed an orb of fire
 58367 | Zot:5    | Killed an orb of fire
 58393 | Zot:5    | Noticed an orb of fire
 58394 | Zot:5    | Noticed an orb of fire
 58398 | Zot:5    | Killed an orb of fire
 58402 | Zot:5    | Killed an orb of fire
 58416 | Zot:5    | Noticed an orb of fire
 58418 | Zot:5    | Noticed an orb of fire
 58420 | Zot:5    | Killed an orb of fire
 58422 | Zot:5    | Killed an orb of fire
 58491 | Zot:5    | Got the Orb of Zot
 58494 | Zot:5    | Noticed an ancient lich
 58495 | Zot:5    | Killed an ancient lich
 59035 | D:1      | ReniFell: 73 int jee
 59056 | D:1      | ReniFell: 75*
 59056 | D:1      | 4thArraOfDagon: just not enough
 59056 | D:1      | wojtek: congrats!
 59056 | D:1      | Thaneod: ...
 59056 | D:1      | wojtek: damn, too quick ;-)
 59056 | D:1      | ReniFell: !lg * dg-- max=int x=int
 59056 | D:1      | beem: 156306. [int=93] MistraI the Archmage (L27 DgWz), escaped with the Orb and 15 runes on 2016-02-06 15:16:29, with 13859200 points after 115972 turns and 7:49:40.
 59056 | D:1      | ReniFell: mkay
 59056 | D:1      | 4thArraOfDagon: ah ok
 59056 | D:1      | ReniFell: gg anyway
 59057 | D:$      | Escaped with the Orb!

Vault maps used:
D:1:      dpeg_arrival_prison
D:2:      nicolae_ru_sacrificial_ziggurat, minmay_statues_item,
          hangedman_decor_push, lemuel_statue_altar
D:3:      cheibrodos_thug_alley, first_ration
D:4:      xom_teletrap_fun, gup_sewer_entry_pipe
D:5:      nicolae_gozag_cash_rules_everything_around_me, serial_shops, shop,
          enter_ossuary_2, makhleb_heckhound_becter, uniq_edmund, uniq_eustachio
D:7:      kennysheep_mini, fedhas_altar_2, lemuel_doored_altar,
          kennysheep_okawaru_gauntlet, minmay_temple_entry_large_hall,
          the_bakery, kennysheep_generic_room_4, uniq_joseph
D:8:      nicolae_ashenzari_panopticon, nicolae_overflow_hidden_temple,
          due_lair_maze_entry_diamond, trog_ov_bears_minmay
D:10:     erik_orc_2
D:11:     minmay_the_grid_triangle_9x9_line_8_mashed, serial_shops,
          nicolae_shop_behind_doors
D:12:     minmay_sliced_demisemicircle, lightli_fourway_metalbox
D:14:     david_vaults_1, serial_shops, shop, infiniplex_staircase_zigzag_4,
          st_stairs_7, minmay_rotating_lava
D:15:     grunt_enter_depths_giant_problem, minmay_misc_feat_nine_boxes,
          uniq_agnes
Lair:1:   serial_bayou_pond_a, lemuel_centaur_altar
Lair:2:   spider_nest_entry_webs
Lair:3:   shoals_dummy_entry, minivault_23, grunt_megastairs_4
Lair:4:   uniq_kirke
Lair:5:   serial_bayou_shore_b
Lair:6:   evilmike_catoblepas_cave, minmay_slime_entry_pillars, minivault_24,
          eino_small_chamber_without_monster, st_stairs_11, uniq_josephine
Shoals:1: serial_shops, shop_statue, regret_index_shoals_crete
Shoals:3: nicolae_shoals_wave_tunnel, uniq_polyphemus
Shoals:4: shoals_end_grunt_ice, shoals_ilsuiw_alternative, serial_shops, shop
Spider:2: uniq_frances
Spider:3: nicolae_spider_webs_and_nodes
Spider:4: johnstein_spider_rune_arachne_lair
Slime:1:  basic_altar
Slime:4:  dissolution_awaits
Orc:1:    serial_shops, shop, nicolae_shop_stone, shop_coins,
          nicolae_shop_crystal, nicolae_shop_window_shopping, basic_altar
Orc:2:    st_orc_ogre_mass, enter_volcano_1, serial_shops,
          nicolae_shop_statue_plus, shop, nicolae_orc_lost_temple
Elf:1:    kennysheep_six_static_rooms, kennysheep_underground_church
Elf:2:    minivault_16, grunt_ministairs_7, moated_statue
Elf:3:    elf_hall, serial_shops, shop, uniq_louise
Vaults:1: v_misc_16, nicolae_vaults_little_ls, hangedman_vaults_corner,
          nicolae_vaults_disjoint_gnomons, v_misc_11,
          nicolae_vaults_c_with_doors, hangedman_vaults_trim,
          nicolae_vaults_network_square, vaults_room_semicircle
Vaults:2: nicolae_vaults_stairing_the_circle, grunt_vaults_twisty,
          minmay_crypt_entry_simple_statues, nicolae_vaults_minivaults,
          v_alt_pattern_2, nicolae_vaults_inception_corners,
          ontoclasm_vaults_chip, nicolae_vaults_ring_of_whatevers, serial_shops,
          nicolae_shop_crystal, uniq_saint_roka
Vaults:3: hangedman_vaults_restitches, hangedman_vaults_restitches,
          nicolae_vaults_network_quinsquares, vaults_room_fours, v_pattern_4,
          vaults_room_door_hall, serial_shops, bzr_entry_water, uniq_sojobo
Vaults:4: v_alt_pattern_6, ontoclasm_vaults_fault, v_misc_14,
          nicolae_vaults_shelves_hall, ontoclasm_vaults_ring_square,
          nicolae_vaults_diagonal_hallway_8, nicolae_vaults_network_star,
          vaults_room_fours, st_lattice, hangedman_vaults_snaps,
          nicolae_vaults_angled_halls, vaults_dpeg_ring, v_misc_5, serial_shops,
          nicolae_shop_stone, shop, uniq_frederick, uniq_mara
Vaults:5: serial_shops
Crypt:1:  grunt_crypt_arrival_guarded_gate
Crypt:2:  uniq_boris
Crypt:3:  lightli_unholy_cathedral, nicolae_tomb_entry_unfolded_pyramid_diagonal
Depths:1: kennysheep_four_of_diamonds, lightli_too_deep,
          marbit_kobold_abyss_entry, abandoned_shop, serial_column_ruins,
          column_ruins_hut_ruined, column_ruins_hut, column_ruins_open_small,
          column_ruins_open_small_water, column_ruins_open_small,
          column_ruins_columns_corner, column_ruins_corridor_straight,
          serial_shops, bzr_entry_customers, shop, shop, shop,
          hangedman_abyss_or_decor_lesser_grid, basic_loot_grate_trap,
          uniq_bai_suzhen, uniq_nikola
Depths:2: cheibrodos_hall_of_evolution, enter_ziggurat_c, abyss_entry,
          grunt_decor_fettered, pf_vacation_house_of_asmodeus,
          bh_walls_and_bars, infiniplex_staircase_split_hallway, uniq_jorgrun
Depths:3: minmay_guarded_unrand_sceptre_of_torment, rand_demon_pan_entry_5,
          abyss_entry_flame_altar, hell_entry, minmay_hedge_maze, enter_trove_1,
          basic_stair_grate_trap, infiniplex_staircase_spiral_double
Depths:4: regret_index_dithmenos_brocken_genspenst, abyss_entry,
          grunt_hell_entry_dis_grunt, corner_web_ring
Depths:5: evilmike_zot_entry_diamond, hangedman_tar_grid_catacomb,
          nicolae_abyss_entry_one_way_or_another, serial_sigils,
          serial_sigils_hangedman_etch, serial_sigils_hangedman_writhe
Dis:1:    nicolae_dis_strange_trophy_room, hangedman_dis_decor_blocks_talon,
          grunt_megastairs_1
Dis:3:    grunt_megastairs_2
Dis:6:    grunt_megastairs_3
Dis:7:    dis_hangedman
Geh:7:    geh_grunt
Coc:7:    coc_hangedman
Tar:2:    minmay_shadows, nicolae_tar_cuneiform_heaven, evilmike_ambush
Tar:3:    nicolae_tar_cuneiform_not, nicolae_tar_cuneiform_two,
          nicolae_tar_cuneiform_sun
Tar:5:    nicolae_tar_cuneiform_three
Tar:7:    tar_grunt_cathedral
Zot:2:    basic_altar
Zot:3:    nicolae_moth_party
Zot:4:    grunt_zot_stairs_faceoff
Zot:5:    st_stairs_11
Abyss:2:  abyss_greek_temple, hangedman_abyss_lost_library, minivault_27
Abyss:3:  evilmike_abyss_rune_siren_acolytes, evilmike_abyss_rune_ettins,
          evilmike_abyss_exit_14, hangedman_abyss_or_decor_passed
Abyss:4:  evilmike_abyss_exit_1, gammafunk_abyss_rune_reverse_zot,
          evilmike_abyss_exit_plants
Pan:      nicolae_pan_double_arrow, evilmike_mini_pan_doors_b,
          regret_index_pan_draining_boxed, reaverb_pan_chaos_star,
          evilmike_mini_pan_rooms, gammafunk_dig_for_victory,
          nicolae_pan_lom_lobonic_4, nicolae_pan_strange_glyphs, gloorx_vloq,
          lemuel_hall_of_pain, rand_demon_1, evilmike_mini_pan_possible_glass,
          evilmike_mini_pan_possible_glass, mnoleg,
          evilmike_mini_pan_other_thingy, pan_blood_fountain_2,
          cerebov_grunt_fire_and_steel, nicolae_pan_sigil_nadil,
          nicolae_pan_lom_lobonic_4, grunt_pan_spiral,
          evilmike_mini_pan_other_thingy, nicolae_pan_mnolegish_5,
          lom_lobon_spiral_st, pan_blood_fountain_2, grunt_pan_frozen_over,
          pan_blood_fountain_2, nicolae_pan_hourglass, uniq_mennas_pan
Zig:8:    ziggurat_pillar_centre_c
Zig:14:   ziggurat_pillar_centre_oklobs, ziggurat_pillar_centre_smoke
Zig:16:   ziggurat_pillar_centre_dead_trees
Zig:17:   ziggurat_pillar_centre_drop
Zig:25:   ziggurat_pillar_centre_more_plants
Bazaar:   bazaar_minmay_plants, bazaar_kb_twisted_cavern
Sewer:    sewer_kobolds
Ossuary:  ossuary_the_hunt_dpeg
Volcano:  volcano_tomb

Skill      XL: |  1  2  3  4  5  6  7  8  9 10 11 12 13 14 15 16 17 18 19 20 21 22 23 24 25 26 27 |
---------------+----------------------------------------------------------------------------------+-----
Conjurations   | 1 2 3 4 5 7 8 10 11 13 14 15 16 17 18 19 21 | 21.3
Fire Magic     | 3 4 5 6 7 9 10 12 13 14 15 16 18 19 | 19.3
Spellcasting   | 2 3 4 5 6 7 8 9 10 11 12 13 15 17 18 20 25 | 25.0
Shields        | 3 5 8 13 15 27 | 27.0
Evocations     | 3 7 8 9 12 15 | 15.0
Dodging        | 8 13 | 13.0
Fighting       | 7 9 26 | 26.0
Armour         | 7 21 | 21.2
Transmutations | 6 7 10 | 10.5
Earth Magic    | 6 7 |  7.8
Translocations | 10 13 15 | 15.4
Necromancy     | 3 5 6 11 | 11.1
Ice Magic      | 12 | 12.9
Charms         | 9 |  9.1
Stealth        | 10 | 10.0
Long Blades    | 12 | 12.6
Axes           | 16 | 16.0

Action                   |  1- 3 |  4- 6 |  7- 9 | 10-12 | 13-15 | 16-18 | 19-21 | 22-24 | 25-27 || total
-------------------------+-------+-------+-------+-------+-------+-------+-------+-------+-------++-------
Melee: Unarmed           |    15 |       |       |       |       |       |       |       |       ||    15
       Dagger            |    30 |       |       |       |       |       |       |       |       ||    30
       Whip              |    14 |   115 |    66 |    10 |     6 |       |       |       |       ||   211
       Staff             |       |       |       |   173 |    79 |    65 |     4 |     2 |    16 ||   339
       Double sword      |       |       |       |       |       |       |       |    15 |       ||    15
       Broad axe         |       |       |       |       |       |       |       |       |    32 ||    32
       Katana            |       |       |       |       |       |       |       |       |     8 ||     8
Throw: Throwing net      |       |       |       |     5 |       |       |       |       |       ||     5
 Cast: Flame Tongue      |    53 |    33 |   146 |   174 |    33 |       |       |       |       ||   439
       Sticky Flame      |       |     1 |    29 |    71 |    35 |    46 |    44 |    19 |       ||   245
       Conjure Flame     |       |       |    14 |    38 |    12 |     2 |     1 |       |       ||    67
       Fireball          |       |       |     2 |    15 |   100 |   135 |   122 |   102 |       ||   476
       Bolt of Fire      |       |       |       |    33 |   110 |   291 |   346 |   326 |   172 ||  1278
       Throw Icicle      |       |       |       |       |     3 |       |    45 |     3 |       ||    51
       Orb of Destructio |       |       |       |       |    47 |   123 |   115 |   151 |   165 ||   601
       Regeneration      |       |       |       |       |       |    13 |    21 |     2 |    64 ||   100
       Blink             |       |       |       |       |       |     8 |    11 |    10 |       ||    29
       Passage of Golubr |       |       |       |       |       |       |     2 |       |     1 ||     3
       Statue Form       |       |       |       |       |       |       |       |     1 |     3 ||     4
       Fire Storm        |       |       |       |       |       |       |       |     2 |   668 ||   670
       Apportation       |       |       |       |       |       |       |       |       |    81 ||    81
       Sublimation of Bl |       |       |       |       |       |       |       |       |   690 ||   690
       Glaciate          |       |       |       |       |       |       |       |       |   436 ||   436
       Necromutation     |       |       |       |       |       |       |       |       |   196 ||   196
       Ignition          |       |       |       |       |       |       |       |       |    80 ||    80
       Controlled Blink  |       |       |       |       |       |       |       |       |    42 ||    42
 Abil: Evoke Flight      |       |       |       |       |       |       |     2 |       |       ||     2
       End Transformatio |       |       |       |       |       |       |       |       |   156 ||   156
Evoke: Wand              |       |       |       |    16 |     7 |    19 |     5 |     4 |    26 ||    77
       Staff of energy   |       |       |       |       |       |   293 |  1046 |   969 |  1160 ||  3468
       Phantom mirror    |       |       |       |       |       |       |     1 |       |       ||     1
       Figurine of a zig |       |       |       |       |       |       |       |       |     1 ||     1
  Use: Potion            |     2 |     1 |     4 |     2 |     2 |    22 |     7 |       |    26 ||    66
       Scroll            |     3 |     2 |     6 |    12 |    26 |    33 |    11 |    15 |    79 ||   187
 Stab: Sleeping          |       |     1 |       |     1 |       |       |       |       |     2 ||     4
       Held in net/web   |       |       |     1 |       |       |       |       |       |       ||     1
  Eat: Chunk             |     1 |     3 |    10 |    25 |    60 |    61 |    38 |    39 |     7 ||   244
       Ration            |       |     1 |     1 |     3 |     3 |     4 |    13 |     9 |    14 ||    48
Armor: Robe              |     9 |       |       |       |       |       |       |    26 |   328 ||   363
       Ring mail         |     6 |    67 |    20 |    11 |       |       |       |       |       ||   104
       Troll leather arm |       |       |       |    62 |    46 |   127 |    54 |     8 |       ||   297
       Skin              |       |       |       |       |       |       |       |     1 |    36 ||    37
       Plate armour      |       |       |       |       |       |       |       |       |     7 ||     7
Dodge: Dodged            |    43 |   125 |    55 |   152 |   102 |   256 |   284 |   315 |   794 ||  2126
Block: Other             |       |       |    24 |   101 |     1 |       |       |       |       ||   126
       Reflection        |       |       |       |     7 |       |       |       |       |       ||     7
       Shield            |       |       |       |       |       |   368 |   326 |   280 |  1297 ||  2271
       Rpst.: Double sword |       |       |       |       |       |       |       |     5 |       ||     5
       Katana            |       |       |       |       |       |       |       |       |     8 ||     8

Table legend:
 A = Spawn XP
 B = Non-spawn XP
 C = Spawn XP percentage of total XP
 D = Spawn monster count
 E = Non-spawn monster count
 F = Spawn count percentage of total count
 G = Total turns spent on level
                    A         B        C        D         E        F      G
               +---------+---------+-------+---------+---------+-------+---------
         Total |   48108 | 4496398 |   1.1 |      76 |    5391 |   1.4 | 59057
               +---------+---------+-------+---------+---------+-------+---------
           D:1 |       0 |      54 |   0.0 |       0 |      31 |   0.0 |   633
           D:2 |       0 |      26 |   0.0 |       0 |      10 |   0.0 |   263
           D:3 |       0 |     142 |   0.0 |       0 |      23 |   0.0 |   790
           D:4 |       0 |      73 |   0.0 |       0 |      15 |   0.0 |   494
           D:5 |       0 |     929 |   0.0 |       0 |      23 |   0.0 |   642
           D:6 |       0 |     877 |   0.0 |       0 |      20 |   0.0 |   620
           D:7 |       0 |    1015 |   0.0 |       0 |      14 |   0.0 |   459
           D:8 |       0 |    3457 |   0.0 |       0 |      35 |   0.0 |  1011
           D:9 |       0 |    3825 |   0.0 |       0 |      42 |   0.0 |   840
          D:10 |       0 |    3246 |   0.0 |       0 |      44 |   0.0 |   966
          D:11 |       0 |    4605 |   0.0 |       0 |      28 |   0.0 |  1027
          D:12 |       0 |   16925 |   0.0 |       0 |      54 |   0.0 |  1404
          D:13 |       0 |    3730 |   0.0 |       0 |      21 |   0.0 |   745
          D:14 |       0 |   25936 |   0.0 |       0 |      67 |   0.0 |  1767
          D:15 |       0 |    8788 |   0.0 |       0 |      16 |   0.0 |   880
        Lair:1 |       0 |    7643 |   0.0 |       0 |      36 |   0.0 |   492
        Lair:2 |       0 |    3311 |   0.0 |       0 |      15 |   0.0 |   402
        Lair:3 |       0 |    5067 |   0.0 |       0 |      24 |   0.0 |   485
        Lair:4 |       0 |    8410 |   0.0 |       0 |      23 |   0.0 |   542
        Lair:5 |       0 |   10118 |   0.0 |       0 |      28 |   0.0 |   375
        Lair:6 |       0 |   27911 |   0.0 |       0 |      75 |   0.0 |   938
      Shoals:1 |       0 |   17471 |   0.0 |       0 |      31 |   0.0 |   612
      Shoals:2 |       0 |   12622 |   0.0 |       0 |      28 |   0.0 |   503
      Shoals:3 |       0 |   37923 |   0.0 |       0 |      69 |   0.0 |  1154
      Shoals:4 |       0 |   39987 |   0.0 |       0 |      62 |   0.0 |  1097
      Spider:1 |       0 |    6854 |   0.0 |       0 |      17 |   0.0 |   365
      Spider:2 |       0 |   25012 |   0.0 |       0 |      67 |   0.0 |   673
      Spider:3 |       0 |   16931 |   0.0 |       0 |      28 |   0.0 |   728
      Spider:4 |       0 |   46197 |   0.0 |       0 |      97 |   0.0 |  1330
       Slime:1 |       0 |    2071 |   0.0 |       0 |       6 |   0.0 |   236
       Slime:2 |       0 |   17181 |   0.0 |       0 |      26 |   0.0 |   182
       Slime:3 |       0 |   23248 |   0.0 |       0 |      22 |   0.0 |   409
       Slime:4 |       0 |   26413 |   0.0 |       0 |      48 |   0.0 |  1334
       Slime:5 |       0 |   53719 |   0.0 |       0 |      54 |   0.0 |   714
         Orc:1 |       0 |    3338 |   0.0 |       0 |      43 |   0.0 |   465
         Orc:2 |       0 |   20114 |   0.0 |       0 |      66 |   0.0 |   917
         Elf:1 |       0 |   19906 |   0.0 |       0 |      33 |   0.0 |   892
         Elf:2 |       0 |   30103 |   0.0 |       0 |      48 |   0.0 |   954
         Elf:3 |       0 |   65476 |   0.0 |       0 |      66 |   0.0 |  2763
      Vaults:1 |       0 |   50807 |   0.0 |       0 |      85 |   0.0 |  1371
      Vaults:2 |       0 |   82418 |   0.0 |       0 |     142 |   0.0 |  1931
      Vaults:3 |       0 |   52871 |   0.0 |       0 |     100 |   0.0 |  1161
      Vaults:4 |       0 |   94774 |   0.0 |       0 |     109 |   0.0 |  1115
      Vaults:5 |       0 |  162903 |   0.0 |       0 |     114 |   0.0 |  1741
       Crypt:1 |       0 |   24632 |   0.0 |       0 |      53 |   0.0 |   373
       Crypt:2 |       0 |   10790 |   0.0 |       0 |      18 |   0.0 |    86
       Crypt:3 |       0 |   76852 |   0.0 |       0 |      80 |   0.0 |   518
        Tomb:1 |       0 |   91134 |   0.0 |       0 |      60 |   0.0 |   878
        Tomb:2 |       0 |   56037 |   0.0 |       0 |      66 |   0.0 |   417
        Tomb:3 |       0 |  135783 |   0.0 |       0 |     128 |   0.0 |   530
      Depths:1 |       0 |   80224 |   0.0 |       0 |      90 |   0.0 |  1210
      Depths:2 |       0 |   43014 |   0.0 |       0 |      53 |   0.0 |  1057
      Depths:3 |       0 |   68867 |   0.0 |       0 |      54 |   0.0 |   839
      Depths:4 |       0 |   58168 |   0.0 |       0 |      64 |   0.0 |   851
      Depths:5 |       0 |   48101 |   0.0 |       0 |      40 |   0.0 |   741
          Hell |       0 |   64463 |   0.0 |       0 |      83 |   0.0 |   334
         Dis:1 |       0 |   10411 |   0.0 |       0 |      30 |   0.0 |   106
         Dis:2 |       0 |     484 |   0.0 |       0 |       1 |   0.0 |    66
         Dis:3 |       0 |   14188 |   0.0 |       0 |      39 |   0.0 |   101
         Dis:4 |       0 |    3692 |   0.0 |       0 |       9 |   0.0 |    76
         Dis:5 |       0 |   50336 |   0.0 |       0 |      72 |   0.0 |   432
         Dis:7 |       0 |  121683 |   0.0 |       0 |      93 |   0.0 |   618
         Geh:1 |       0 |    8165 |   0.0 |       0 |       7 |   0.0 |    75
         Geh:2 |       0 |    1771 |   0.0 |       0 |       3 |   0.0 |    24
         Geh:3 |     143 |   26703 |   0.5 |       1 |      60 |   1.6 |   127
         Geh:4 |       0 |   12209 |   0.0 |       0 |      20 |   0.0 |    89
         Geh:5 |       0 |    7154 |   0.0 |       0 |      11 |   0.0 |    24
         Geh:6 |       0 |    2949 |   0.0 |       0 |       1 |   0.0 |    17
         Geh:7 |       0 |   60010 |   0.0 |       0 |      53 |   0.0 |   373
         Coc:1 |       0 |    4719 |   0.0 |       0 |      12 |   0.0 |    65
         Coc:2 |       0 |    7772 |   0.0 |       0 |      18 |   0.0 |   115
         Coc:3 |       0 |    4808 |   0.0 |       0 |      17 |   0.0 |    87
         Coc:4 |       0 |    5609 |   0.0 |       0 |      10 |   0.0 |    52
         Coc:5 |       0 |    4355 |   0.0 |       0 |      11 |   0.0 |    42
         Coc:6 |       0 |   13301 |   0.0 |       0 |      42 |   0.0 |    63
         Coc:7 |       0 |  124967 |   0.0 |       0 |     131 |   0.0 |   495
         Tar:3 |       0 |    4726 |   0.0 |       0 |       6 |   0.0 |    69
         Tar:4 |       0 |    6216 |   0.0 |       0 |       7 |   0.0 |    16
         Tar:5 |       0 |    5861 |   0.0 |       0 |      16 |   0.0 |    67
         Tar:6 |       0 |    3729 |   0.0 |       0 |       5 |   0.0 |    58
         Tar:7 |       0 |   81310 |   0.0 |       0 |      68 |   0.0 |   330
         Zot:1 |       0 |   13803 |   0.0 |       0 |       8 |   0.0 |    52
         Zot:2 |       0 |   10440 |   0.0 |       0 |       7 |   0.0 |    55
         Zot:3 |       0 |   64646 |   0.0 |       0 |      40 |   0.0 |   104
         Zot:4 |       0 |   71630 |   0.0 |       0 |      37 |   0.0 |   158
         Zot:5 |       0 |  176119 |   0.0 |       0 |      54 |   0.0 |   344
       Abyss:1 |    5454 |   11710 |  31.8 |       5 |      11 |  31.2 |   267
       Abyss:2 |    6567 |   12019 |  35.3 |       7 |      26 |  21.2 |   363
       Abyss:3 |     717 |    5056 |  12.4 |       1 |       9 |  10.0 |   111
       Abyss:4 |   10254 |   12715 |  44.6 |      20 |      23 |  46.5 |   321
           Pan |   24973 |  362453 |   6.4 |      42 |     311 |  11.9 |  3339
         Zig:1 |       0 |    6780 |   0.0 |       0 |       3 |   0.0 |    49
         Zig:2 |       0 |    2688 |   0.0 |       0 |       8 |   0.0 |    52
         Zig:3 |       0 |   13960 |   0.0 |       0 |       6 |   0.0 |    76
         Zig:4 |       0 |    9232 |   0.0 |       0 |      11 |   0.0 |   104
         Zig:5 |       0 |   20515 |   0.0 |       0 |      10 |   0.0 |    96
         Zig:6 |       0 |   12914 |   0.0 |       0 |      16 |   0.0 |   106
         Zig:7 |       0 |   11899 |   0.0 |       0 |      24 |   0.0 |    86
         Zig:8 |       0 |   25968 |   0.0 |       0 |      29 |   0.0 |    56
         Zig:9 |       0 |   23147 |   0.0 |       0 |      38 |   0.0 |    55
        Zig:10 |       0 |   31893 |   0.0 |       0 |      31 |   0.0 |   125
        Zig:11 |       0 |   32785 |   0.0 |       0 |      52 |   0.0 |   131
        Zig:12 |       0 |   79034 |   0.0 |       0 |      43 |   0.0 |   184
        Zig:13 |       0 |   51509 |   0.0 |       0 |      54 |   0.0 |   180
        Zig:14 |       0 |   54789 |   0.0 |       0 |      50 |   0.0 |   225
        Zig:15 |       0 |   49048 |   0.0 |       0 |      61 |   0.0 |   186
        Zig:16 |       0 |   71937 |   0.0 |       0 |      85 |   0.0 |   112
        Zig:17 |       0 |   82312 |   0.0 |       0 |      98 |   0.0 |   236
        Zig:18 |       0 |   89440 |   0.0 |       0 |      90 |   0.0 |   191
        Zig:19 |       0 |   99796 |   0.0 |       0 |      57 |   0.0 |   148
        Zig:20 |       0 |   61178 |   0.0 |       0 |      45 |   0.0 |   100
        Zig:21 |       0 |   39856 |   0.0 |       0 |      56 |   0.0 |   115
        Zig:22 |       0 |   42589 |   0.0 |       0 |      59 |   0.0 |   107
        Zig:23 |       0 |   51939 |   0.0 |       0 |      94 |   0.0 |    57
        Zig:24 |       0 |  124869 |   0.0 |       0 |      51 |   0.0 |    52
        Zig:25 |       0 |   69924 |   0.0 |       0 |      70 |   0.0 |   107
        Zig:26 |       0 |  130113 |   0.0 |       0 |      58 |   0.0 |   145
        Zig:27 |       0 |   71505 |   0.0 |       0 |      96 |   0.0 |    59
         Sewer |       0 |     107 |   0.0 |       0 |       9 |   0.0 |   132
       Ossuary |       0 |     257 |   0.0 |       0 |      12 |   0.0 |   251
       Volcano |       0 |    4204 |   0.0 |       0 |      13 |   0.0 |   435
               +---------+---------+-------+---------+---------+-------+---------
